Workbook

Sheet 07-2018
B1: SND | D1: SNA | I1: STA | M1: TIP | N1: FONDERIE | O1: PHENICIA | P1: HEMP | R1: Z I | S1: ALPHA
B2: STB | C2: STB MEG | D2: BTK | E2: STB | F2: STB MEG | G2: EURO MEG | H2: $ MEG | I2: STB MEG | J2: STB TH | K2: EURO MEG | L2: $ MEG | M2: STB MEG | N2: STB | O2: STB | P2: STB | Q2: EURO MEG | R2: STB | S2: STB
A3: SOLDE au 28/06/2018 | B3: 12436.514 | C3: -156141.34 | D3: 3631.166 | E3: 14967.339 | F3: -3167210.6 | G3: 10564.48 | H3: 146.86 | I3: -528388.16 | J3: 4809.225 | K3: 126.5 | L3: 1320.15 | M3: -130619.05 | N3: 9847.454 | O3: 22812.252 | P3: -135416.54 | Q3: 32508.73 | R3: 3311.54 | S3: 1784.24
A4: EN COURS | B4: =SUM(B5:B7) -> 0 | C4: =SUM(C5:C7) -> 207154.98 | D4: =SUM(D5:D7) -> 0 | E4: =SUM(E5:E7) -> 0 | F4: =SUM(F5:F7) -> 0 | G4: =SUM(G5:G7) -> 0 | H4: =SUM(H5:H7) -> 0 | I4: =SUM(I5:I7) -> 0 | ... P4: =SUM(P5:P7) -> 0 | Q4: =SUM(R5:R7) -> 0 | R4: =SUM(S5:S7) -> 0 | S4: =SUM(T5:T7) -> 0
A5: Cheque | C5: =6818.881+9342.787 -> 16161.668
A6: Escompte | C6: 190993.31
A7: Virement
A8: Previsions | B8: =B9+B10+B11+B12+B13 -> 20000 | C8: =C9+C10+C11+C12+C13 -> 1600544.4 | D8: =D9+D10+D12+D13+D21+D28 -> 110000 | E8: =E9+E10+E11+E12+E13 -> 0 | F8: =F13+F9+F10+F11+F12 -> 1300000 | G8: =G13 -> 0 | H8: =H14+H15+H16+H18+H19+H21 -> 0 | I8: =I9+I10+I12+I13+I21+I28+I25+I11 -> 150000 | J8: =J9+J10+J12+J13+J21+J28+J25 -> 10000 | K8: =K9+K10+K12+K13+K21+K28 -> 0 | L8: =L9+L10+L12+L13+L21+L28 -> 96921.28 | M8: =M9+M10+M12+M13+M21+M28 -> 150000 | N8: =N9+N10+N12+N13+N21+N28 -> 0 | O8: =O9+O10+O12+O13+O21+O28 -> 0 | P8: =P9+P10+P12+P13+P21+P28 -> 150000 | Q8: =Q9+Q10+Q12+Q13+Q21+Q28 -> 23714.59 | R8: =R9+R10+R12+R13+R21+R28 -> 0 | S8: =S9+S10+S12+S13+S21+S28 -> 0
A9: Cheque | C9: =+CT!D336 -> 550544.39 | D9: 110000 | E9: =B57 -> 0 | F9: 1300000 | I9: 150000 | J9: =B55 -> 10000 | M9: =E61+F61 -> 150000 | N9: =E59 -> 0 | P9: =F60 -> 150000
A10: Espece | C10: 100000
A11: AGENCE | C11: 250000
A12: Escompte | C12: 450000
A13: Virement | B13: 20000 | C13: 250000 | D13: =SUM(D14:D19) -> 0 | E13: =SUM(E14:E28) -> 0 | F13: =SUM(F14:F28) -> 0 | G13: =SUM(G14:G21) -> 0 | H13: =SUM(H14:H21) -> 0 | I13: =SUM(I14:I28) -> 0 | J13: =SUM(J14:J28) -> 0 | K13: =SUM(K14:K28) -> 0 | L13: =SUM(L14:L19) -> 96921.28 | M13: =SUM(M14:M19) -> 0 | N13: =SUM(N14:N19) -> 0 | O13: =SUM(O14:O19) -> 0 | P13: =SUM(P14:P19) -> 0 | Q13: =SUM(Q14:Q28) -> 23714.59 | R13: =SUM(R14:R19) -> 0 | S13: =SUM(S14:S19) -> 0
A14: Vente Devise | H14: =F58/2.4 -> 0 | I14: =L58*2.4 -> 0
A15: Maribat | L15: =EXPORT!M26+EXPORT!M30 -> 96921.28
A16: El Haramaine
A17: Allemagne | Q17: 23714.59
A18: Med Energy
A19: Errafik
A20: ENERTECH
A21: Credit de gestion: FED
A22: CMT
A23: RESTITUTION TVA
A24: PRIME INVESTISSEMENT
A25: Dividendes
A26: BILLET DE TRESORERIE
A27: AUGMENTATION CAPITAL
A28: MCNE
A29: Placement
A30: CMT
A31: Depenses | B31: =B32+B47+B65 -> 10000 | C31: =C32+C47+C65 -> 1845406.1 | D31: =D32+D47+D65 -> 112431.1 | E31: =E32+E47+E65 -> 2921.18 | F31: =F32+F47+F65 -> 1077970.1 | G31: =G32+G47+G65 -> 269756.34 | H31: =H32+H47+H65 -> 0 | I31: =I32+I47+I65 -> 97798.216 | ... S31: =S32+S47+S65 -> 0
A32: Import | B32: =SUM(B33:B46) -> 0 | D32: =SUM(D33:D46) -> 0 | E32: =SUM(E33:E46) -> 0 | F32: =SUM(F33:F46) -> 0 | G32: =SUM(G33:G46) -> 269756.34 | H32: =SUM(H33:H46) -> 0 | I32: =SUM(I33:I46) -> 0 | J32: =SUM(J33:J46) -> 0 | K32: =SUM(K33:K46) -> 0 | ... S32: =SUM(S33:S46) -> 0
A33: STCM | G33: =etranger!C58 -> 106000
A34: WIRTZ | H34: =+etranger!C49 -> 0
A35: Biasin | G35: =etranger!C46 -> 0
A36: Daramic
A37: Metalliance
A38: Sorfin
A39: Goonvean
A40: Accuma | G40: =etranger!C22+etranger!C24+etranger!C25+etranger!C26+etranger!C27+etranger!C28+etranger!C29+etranger!C30+etranger!C31+etranger!C32+etranger!C33+etranger!C34 -> 157273.02
A41: Akumsan | G41: 0
A42: COPLOSA | Q42: =+etranger!C80 -> 28720
A43: Sovema | G43: =etranger!C42+etranger!C43 -> 6483.32
A44: Glatfelter
A45: MECONDOR
A46: NIZI | G46: =+etranger!C52 -> 0
A47: Local | B47: =SUM(B48:B63) -> 10000 | C47: =SUM(C48:C63) -> 1845406.1 | D47: =SUM(D48:D62) -> 0 | E47: =SUM(E48:E64) -> 2921.18 | F47: =SUM(F48:F63) -> 827196.11 | G47: =SUM(G48:G64) -> 0 | H47: =SUM(H48:H62) -> 0 | I47: =SUM(I48:I62) -> 97798.216 | J47: =SUM(J48:J63) -> 7106.482 | K47: =SUM(K48:K62) -> 0 | L47: =SUM(L48:L62) -> 0 | M47: =SUM(M48:M62) -> 18047.516 | N47: =SUM(N48:N64) -> 8127.093 | O47: =SUM(O48:O64) -> 0 | P47: =SUM(P48:P64) -> 8439.014 | Q47: =SUM(Q48:Q64) -> 0 | R47: =SUM(R48:R64) -> 0 | S47: =SUM(S48:S64) -> 0
A48: Recette des Finances | C48: 20000 | F48: 85000 | I48: 20000 | M48: 2500 | N48: 1000 | P48: 1000
A49: Salaires | C49: 30000 | F49: 95000 | I49: 21000 | M49: 9000 | N49: 3600 | P49: 4500
A50: CNSS | C50: =2273.136+142.303+27990.645 -> 30406.084 | F50: =1416.563+3071.547+87275.607+562.741 -> 92326.458 | I50: =21396.257+401.959 -> 21798.216 | M50: =109.625+4649.655 -> 4759.28 | N50: 3527.093 | P50: 1906.918
A51: Steg | F51: 100000 | I51: 15000
A52: Leasing | E52: 2921.18 | F52: 4869.653 | J52: 6106.482 | M52: 1788.236 | P52: 1032.096
A53: Plomb local
A54: Traite STA | C54: 25000
A55: STA | B55: 10000 | C55: 100000
A56: Traite SNA | C56: 75000
A57: SNA | B57: 0 | C57: 1550000
A58: VENTE DEVISE
A59: Fonderie
A60: NOUR HEMP | F60: 150000
A61: TIP | F61: 150000
A62: Fournisseurs | C62: 15000 | F62: 150000 | I62: 20000 | J62: 1000
A63: CCA
A64: Dividendes
A65: Engagement Banque | B65: =SUM(B66:B68) -> 0 | C65: =SUM(C66:C68) -> 0 | D65: =SUM(D66:D68) -> 112431.1 | E65: =SUM(E66:E68) -> 0 | F65: =SUM(F66:F68) -> 250773.98 | G65: =SUM(G66:G68) -> 0 | H65: =SUM(H66:H68) -> 0 | I65: =SUM(I66:I68) -> 0 | ... P65: =SUM(P66:P68) -> 0 | R65: =SUM(R66:R68) -> 0 | S65: =SUM(S66:S68) -> 0
A66: CMT | D66: =+CMT!G31 -> 112431.1 | F66: =+CMT!G32+CMT!G33 -> 250773.98
A67: OBLIGATION DOUANES
A68: FED | G68: =+FED!C10 -> 0 | L68: =FED!C7*1.19 -> 0
A69: Solde au 31/07/2018 | B69: =B3+B4+B8-B31 -> 22436.514 | C69: =C3+C4+C8-C31 -> -193848.05 | D69: =D3+D4+D8-D31 -> 1200.071 | E69: =E3+E4+E8-E31 -> 12046.159 | F69: =F3+F4+F8-F31 -> -2945180.7 | G69: =G3+G4+G8-G31 -> -259191.86 | H69: =H3+H4+H8-H31 -> 146.86 | I69: =I3+I4+I8-I31 -> -476186.37 | ... S69: =S3+S4+S8-S31 -> 1784.24
A70: Autorisation | B70: 0 | C70: -200000 | D70: 0 | E70: 0 | F70: -2000000 | G70: 0 | H70: 0 | I70: -420000 | J70: 0 | K70: 0 | L70: 0 | M70: 0 | N70: 0 | O70: 0 | P70: 0 | Q70: 0 | R70: 0 | S70: 0
C72: =C70-C69 -> -6151.951 | F72: =F70-F69 -> 945180.67 | I72: =I70-I69 -> 56186.374

Sheet etranger
A1: =TODAY() -> 43297
A2: TAUX EURO/TND | C2: 43100 | D2: 2.9478
A3: TAUX USD/TND | C3: 43100 | D3: 2.4839
A4: TAUX GBP/TND | C4: 43100 | D4: 3.3113
A5: TAUX CNY/TND | C5: 43100 | D5: 0.384
A6: S T A
A7: FOURNISSEUR | B7: MONNAIE | C7: MONT DEV. | D7: MONT DT | E7: DATE FACTURE | F7: ECHEANCE
A9: TOTAL | C9: =SUM(C8:C8) -> 0
A12: TOTAL | C12: =SUM(C11:C11) -> 0
A15: TOTAL | C15: =SUM(C14:C14) -> 0
A18: TOTAL | C18: =SUM(C17:C17) -> 0
A20: S N A
A21: FOURNISSEUR | B21: MONNAIE | C21: MONT DEV. | D21: MONT DT | E21: DATE FACTURE | F21: ECHEANCE
A22: ACCUMA 08 | B22: EUR | C22: 14461.49 | D22: =+C22*$D$2 -> 42629.58 | E22: 43145 | F22: =E22+60 -> 43205
A23: ACCUMA 09 | B23: EUR | C23: 9120.35 | D23: =+C23*$D$2 -> 26884.968 | E23: 43145 | F23: =E23+60 -> 43205
A24: ACCUMA 10 | B24: EUR | C24: 15456.47 | D24: =+C24*$D$2 -> 45562.582 | E24: 43145 | F24: =E24+60 -> 43205
A25: ACCUMA 11 | B25: EUR | C25: 8522.69 | D25: =+C25*$D$2 -> 25123.186 | E25: 43146 | F25: =E25+60 -> 43206
A26: ACCUMA 12 | B26: EUR | C26: 16677.44 | D26: =+C26*$D$2 -> 49161.758 | E26: 43147 | F26: =E26+60 -> 43207
A27: ACCUMA 13 | B27: EUR | C27: 15738.84 | D27: =+C27*$D$2 -> 46394.953 | E27: 43172 | F27: =E27+60 -> 43232
A28: ACCUMA 14 | B28: EUR | C28: 14035.78 | D28: =+C28*$D$2 -> 41374.672 | E28: 43172 | F28: =E28+60 -> 43232
A29: ACCUMA 15 | B29: EUR | C29: 11086.67 | D29: =+C29*$D$2 -> 32681.286 | E29: 43173 | F29: =E29+60 -> 43233
A30: ACCUMA 16 | B30: EUR | C30: 8746.25 | D30: =+C30*$D$2 -> 25782.196 | E30: 43175 | F30: =E30+60 -> 43235
A31: ACCUMA 17 | B31: EUR | C31: 14020.07 | D31: =+C31*$D$2 -> 41328.362 | E31: 43189 | F31: =E31+60 -> 43249
A32: ACCUMA 18 | B32: EUR | C32: 9711.74 | D32: =+C32*$D$2 -> 28628.267 | E32: 43203 | F32: =E32+60 -> 43263
A33: ACCUMA 19 | B33: EUR | C33: 15058.56 | D33: =+C33*$D$2 -> 44389.623 | E33: 43208 | F33: =E33+60 -> 43268
... A35: ACCUMA 21 | B35: EUR | C35: 39770.04 | D35: =+C35*$D$2 -> 117234.12 | E35: 43251 | F35: =E35+60 -> 43311
A37: TOTAL | C37: =SUM(C22:C36) -> 206163.41
A39: DARAMIC | B39: EUR | C39: 47355.28 | D39: =+C39*D2 -> 139593.89 | E39: 43250 | F39: =+E39+90 -> 43340
A40: TOTAL | C40: =SUM(C39:C39) -> 47355.28
A42: SOVEMA | B42: EUR | C42: 1903.32 | D42: =+C42*D2 -> 5610.6067 | E42: 43249 | F42: =+E42+30 -> 43279
A43: SOVEMA | B43: EUR | C43: 4580 | D43: =+C43*D2 -> 13500.924 | E43: 43237 | F43: =+E43+30 -> 43267
A44: TOTAL | C44: =SUM(C42) -> 1903.32
A47: TOTAL | C47: =SUM(C46:C46) -> 0
A50: TOTAL | C50: =SUM(C49:C49) -> 0
A53: TOTAL | C53: =SUM(C52:C52) -> 0
A56: TOTAL | C56: =SUM(C55:C55) -> 0
A58: STCM 7 | B58: EUR | C58: 106000
A59: TOTAL | C59: =SUM(C58:C58) -> 106000
A61: CEMT | B61: CNY | C61: 9851000 | D61: =+C61*D5 -> 3782784 | E61: 0.9 | F61: 43054
E62: 0.1 | F62: 43221
A64: TOTAL | C64: =SUM(C61:C63) -> 9851000
A66: HEMPE | B66: EUR | C66: 335000 | E66: 42898 | F66: 71000
E67: 42927 | F67: 40000
E68: 43004 | F68: 15000
E69: 43006 | F69: 16000
E70: 43020 | F70: 25000
E71: 43208 | F71: 45000
A72: HEMPE | B72: EUR | C72: =65000+9000 -> 74000 | E72: 43189 | F72: 59500
A74: HEMPE | B74: EUR | C74: =14477.06+837.73 -> 15314.79
A75: TOTAL | C75: =SUM(C66:C74) -> 424314.79
A77: HEMPE 2 | B77: EUR | C77: 67500 | E77: 43074 | F77: 12000
A78: TOTAL | C78: =SUM(C77:C77) -> 67500
A80: COPLOSA | B80: EUR | C80: 28720 | D80: =+C80*D2 -> 84660.816
A81: TOTAL | C81: =SUM(C80:C80) -> 28720
A84: TOTAL | C84: =SUM(C83:C83) -> 0

Sheet CMT
B1: STA-NOUR
B2: ECHEANCIER 2018
B4: Crédit | D4: Échéance | E4: Principal | F4: Intérêt | G4: Total | H4: PP | I4: INT
B5: STB MEG | C5: 400000 | D5: 43131 | E5: 41341.207 | F5: 1928.602 | G5: =SUM(E5:F5) -> 43269.809
B6: Total 12/2017 | E6: =SUM(E5:E5) -> 41341.207 | F6: =SUM(F5:F5) -> 1928.602 | G6: =SUM(G5:G5) -> 43269.809
B8: TOTAL 2017 | E8: =E6 -> 41341.207 | F8: =F6 -> 1928.602 | G8: =G6 -> 43269.809
B10: SNA-NOUR
B11: ECHEANCIER 2018
B13: Crédit | D13: Échéance | E13: Principal | F13: Intérêt | G13: Total | H13: PP | I13: INT
B14: BTK | C14: 1488000 | D14: 43126 | E14: 106285.71 | F14: 9370.857 | G14: =SUM(E14:F14) -> 115656.57
B15: STB TH | C15: 2418000 | D15: 43126 | E15: 172714.29 | F15: 14565.571 | G15: =SUM(E15:F15) -> 187279.86
B16: Total 01/2018 | E16: =SUM(E14:E15) -> 279000 | F16: =SUM(F14:F15) -> 23936.428 | G16: =SUM(E16:F16) -> 302936.43
B17: STB TH | C17: 500000 | D17: 43190 | E17: 41666.667 | F17: 7631.25 | G17: =SUM(E17:F17) -> 49297.917
B18: STB TH | C18: 1150000 | D18: 43190 | E18: 95833.333 | F18: 17103.854 | G18: =SUM(E18:F18) -> 112937.19
B19: STB TH | C19: 1000000 | D19: 43190 | E19: 83333.333 | F19: 14827.083 | G19: =SUM(E19:F19) -> 98160.417
B20: STB TH | C20: 1000000 | D20: 43190 | E20: 0 | F20: 1251.786 | G20: =SUM(E20:F20) -> 1251.786
B21: STB TH | C21: 350000 | D21: 43190 | E21: 29166.667 | F21: 5245.625 | G21: =SUM(E21:F21) -> 34412.292
B22: STB TH | C22: 500000 | D22: 43190 | E22: 41666.667 | F22: 7631.25 | G22: =SUM(E22:F22) -> 49297.917
B23: Total 03/2018 | E23: =SUM(E17:E22) -> 291666.67 | F23: =SUM(F17:F22) -> 53690.849 | G23: =SUM(E23:F23) -> 345357.52
B24: STB TH | C24: 500000 | D24: 43281 | E24: 0 | F24: 7014.583 | G24: =SUM(E24:F24) -> 7014.583
B25: STB TH | C25: 1150000 | D25: 43281 | E25: 0 | F25: 15721.725 | G25: =SUM(E25:F25) -> 15721.725
B26: STB TH | C26: 1000000 | D26: 43281 | E26: 0 | F26: 13628.935 | G26: =SUM(E26:F26) -> 13628.935
B27: STB TH | C27: 1000000 | D27: 43281 | E27: 71428.571 | F27: 1265.695 | G27: =SUM(E27:F27) -> 72694.266 | H27: REGLEMENT FINAL
B28: STB TH | C28: 350000 | D28: 43281 | E28: 0 | F28: 4821.736 | G28: =SUM(E28:F28) -> 4821.736
B29: STB TH | C29: 500000 | D29: 43281 | E29: 0 | F29: 7014.583 | G29: =SUM(E29:F29) -> 7014.583
B30: Total 06/2018 | E30: =SUM(E24:E29) -> 71428.571 | F30: =SUM(F24:F29) -> 49467.257 | G30: =SUM(E30:F30) -> 120895.83
B31: BTK | C31: 1488000 | D31: 43307 | E31: 106285.71 | F31: 6145.381 | G31: =SUM(E31:F31) -> 112431.1
B32: STB TH | C32: 2418000 | D32: 43307 | E32: 172714.29 | F32: 9552.059 | G32: =SUM(E32:F32) -> 182266.35
B33: STB TH | C33: 2500000 | D33: 43312 | E33: 0 | F33: 68507.639 | G33: =SUM(E33:F33) -> 68507.639
B34: Total 07/2018 | E34: =SUM(E31:E33) -> 279000 | F34: =SUM(F31:F33) -> 84205.079 | G34: =SUM(E34:F34) -> 363205.08
B35: STB TH | C35: 500000 | D35: 43373 | E35: 41666.667 | F35: 7091.667 | G35: =SUM(E35:F35) -> 48758.334
B36: STB TH | C36: 1150000 | D36: 43373 | E36: 95833.333 | F36: 15894.491 | G36: =SUM(E36:F36) -> 111727.82
B37: STB TH | C37: 1000000 | D37: 43373 | E37: 83333.333 | F37: 13778.704 | G37: =SUM(E37:F37) -> 97112.037
B38: STB TH | C38: 350000 | D38: 43373 | E38: 29166.667 | F38: 4874.722 | G38: =SUM(E38:F38) -> 34041.389
B39: STB TH | C39: 500000 | D39: 43373 | E39: 41666.667 | F39: 7091.667 | G39: =SUM(E39:F39) -> 48758.334
B40: Total 09/2018 | E40: =SUM(E35:E39) -> 291666.67 | F40: =SUM(F35:F39) -> 48731.25 | G40: =SUM(E40:F40) -> 340397.92
B41: STB TH | C41: 2500000 | D41: 43404 | E41: 0 | F41: 52963.889 | G41: =SUM(E41:F41) -> 52963.889
B42: STB TH | C42: 1250000 | D42: 43404 | E42: 0 | F42: 36753.273 | G42: =SUM(E42:F42) -> 36753.273
B43: Total 10/2018 | E43: =SUM(E41:E41) -> 0 | F43: =SUM(F41:F42) -> 89717.162 | G43: =SUM(E43:F43) -> 89717.162
B44: STB TH | C44: 500000 | D44: 43465 | E44: 0 | F44: 6382.5 | G44: =SUM(E44:F44) -> 6382.5
B45: STB TH | C45: 1150000 | D45: 43465 | E45: 0 | F45: 14305.042 | G45: =SUM(E45:F45) -> 14305.042
B46: STB TH | C46: 1000000 | D46: 43465 | E46: 0 | F46: 12400.833 | G46: =SUM(E46:F46) -> 12400.833
B47: STB TH | C47: 350000 | D47: 43465 | E47: 0 | F47: 4387.25 | G47: =SUM(E47:F47) -> 4387.25
B48: STB TH | C48: 500000 | D48: 43465 | E48: 0 | F48: 6382.5 | G48: =SUM(E48:F48) -> 6382.5
B49: Total 12/2018 | E49: =SUM(E44:E48) -> 0 | F49: =SUM(F44:F48) -> 43858.125 | G49: =SUM(E49:F49) -> 43858.125
B51: TOTAL 2018 | E51: =+E49+E40+E34+E30+E23+E16+E43 -> 1212761.9 | F51: =+F49+F40+F34+F30+F23+F16+F43 -> 393606.15 | G51: =+G49+G40+G34+G30+G23+G16+G43 -> 1606368.1

Sheet EXPORT
A2: CLIENT | B2: Facture | H2: MCNE | K2: REGLEMENT | M2: DIFFERENCE
B3: Numéro | C3: Date | D3: DEV | E3: MONTANT | F3: TND | G3: Échéance | H3: Montant | I3: DATE MEP | J3: ECHEANCE | K3: Montant | L3: Date
A4: MARIBAT | B4: EX150015 | C4: 42338 | D4: USD | E4: 185713.44 | F4: =+E4*2.0433 -> 379468.27 | G4: 42459 | H4: 305000 | J4: =+C4+90 -> 42428 | K4: =90414.1+83300*1.12825 -> 184397.33 | M4: =E4-K4 -> 1316.115
A5: EL HARAMAINE | B5: EX160002 | C5: 42389 | D5: USD | E5: 57547.5 | F5: =E5*2.0365 -> 117195.48 | G5: 42479 | K5: 57547.5 | M5: =E5-K5 -> 0
A6: MED ENERGY | B6: EX160003 | C6: 42394 | D6: USD | E6: 61973.64 | F6: =E6*2.03285 -> 125983.11 | G6: 42484 | K6: 61973.64 | M6: =E6-K6 -> 0
A7: MED ENERGY | B7: EX160004 | C7: 42422 | D7: USD | E7: 31260.71 | F7: =+E7*2.0168 -> 63046.6 | G7: =+C7+90 -> 42512 | K7: 31182.71 | M7: =E7-K7 -> 78
A8: MARIBAT | B8: EX160005 | C8: 42432 | D8: USD | E8: 97110.5 | F8: =E8*2.02425 -> 196575.93 | G8: 42567 | K8: =12997+84054 -> 97051 | M8: =E8-K8 -> 59.5
A9: MED ENERGY | B9: EX160006 | C9: 42445 | D9: USD | E9: 17500.78 | F9: =+E9*2.01395 -> 35245.696 | G9: =C9+90 -> 42535 | K9: 17437.78 | M9: =E9-K9 -> 63
A10: MARIBAT | B10: EX160007 | C10: 42461 | D10: USD | E10: 15887.8 | F10: =E10*1.98505 -> 31538.077 | G10: 42585 | K10: =2196.38+13625 -> 15821.38 | M10: =E10-K10 -> 66.42
A11: MED ENERGY | B11: EX160008 | C11: 42495 | D11: USD | E11: 13784.67 | F11: =+E11*1.98675 -> 27386.693 | G11: =+C11+90 -> 42585 | K11: 13719.17 | M11: =E11-K11 -> 65.5
A12: MED ENERGY | B12: EX160009 | C12: 42495 | D12: EUR | E12: 58790.64 | F12: =+E12*2.2687 -> 133378.32 | G12: =+C12+90 -> 42585 | K12: =46740.64+11960 -> 58700.64 | M12: =E12-K12 -> 90
A13: MARIBAT | B13: EX160010 | C13: 42506 | D13: USD | E13: 38827.5 | F13: =+E13*2.0226 -> 78532.502 | G13: 42630 | K13: =5188.54+33549.74 -> 38738.28 | M13: =E13-K13 -> 89.22
A14: MARIBAT | B14: EX160011 | C14: 42542 | D14: USD | E14: 37074 | F14: =+E14*2.14625 -> 79570.073 | G14: 42669 | K14: =13578+5163.9+18217.5 -> 36959.4 | M14: =E14-K14 -> 114.6
A15: MARIBAT | B15: EX160012 | C15: 42542 | D15: USD | E15: 3480 | F15: =+E15*2.14625 -> 7468.95 | G15: 42669 | K15: 3455 | M15: =E15-K15 -> 25
A16: ERRAFIK | B16: EX160014 | C16: 42695 | D16: EUR | E16: 284382.2 | F16: =+E16*2.42505 -> 689641.05 | G16: =+C16+60 -> 42755 | K16: =49950+100950+101950+31500 -> 284350 | M16: =E16-K16 -> 32.2
A17: ERRAFIK | B17: EX160015 | C17: 42704 | D17: EUR | E17: 187097.52 | F17: =+E17*2.42625 -> 453945.36 | G17: =+C17+60 -> 42764 | K17: =102950-31500+103950+11480 -> 186880 | M17: =E17-K17 -> 217.52
A18: MARIBAT | B18: EX170001 | C18: 42765 | D18: USD | E18: 73064.4 | F18: =+E18*2.26605 -> 165567.58 | G18: =+C18+120 -> 42885 | K18: =10173.28+62770 -> 72943.28 | M18: =+E18-K18 -> 121.12
A19: ENERTECH | B19: EX170002 | C19: 42780 | D19: EUR | E19: 17555.59 | F19: =+E19*2.4179 -> 42447.661 | G19: =+C19 -> 42780 | K19: 17555.59 | M19: =+E19-K19 -> 0
A20: MARIBAT | B20: EX170003 | C20: 42781 | D20: USD | E20: 17856 | F20: =+E20*2.272 -> 40568.832 | G20: =+C20+120 -> 42901 | K20: =2549.2+15270 -> 17819.2 | M20: =+E20-K20 -> 36.8
A21: MARIBAT | B21: EX170004 | C21: 42844 | D21: USD | E21: 35287.2 | F21: =+E21*2.31555 -> 81709.276 | G21: =+C21+120 -> 42964 | K21: =5062.04+30100 -> 35162.04 | M21: =+E21-K21 -> 125.16
A22: MARIBAT | B22: EX170005 | C22: 42864 | D22: USD | E22: 73647 | F22: =+E22*2.39905 -> 176682.84 | G22: =+C22+120 -> 42984 | K22: =10380.8+63196.5 -> 73577.3 | M22: =+E22-K22 -> 69.7
A23: MARIBAT | B23: EX170006 | C23: 42888 | D23: USD | E23: 44179.99 | F23: =+E23*2.42865 -> 107297.73 | G23: =+C23+120 -> 43008 | K23: =4855.4+39173.04 -> 44028.44 | M23: =+E23-K23 -> 151.55
A24: MARIBAT | B24: EX170007 | C24: 42928 | D24: USD | E24: 92625.75 | F24: =+E24*2.4274 -> 224839.75 | G24: =+C24+120 -> 43048 | K24: =12804.1+79661.5 -> 92465.6 | M24: =+E24-K24 -> 160.15
A25: ENERTECH | B25: EX170008 | C25: 42998 | D25: EUR | E25: 17117.85 | F25: =+E25*2.9097 -> 49807.808 | G25: =+C25+120 -> 43118 | K25: 17117.85 | M25: =+E25-K25 -> 0
A26: MARIBAT | B26: EX170009 | C26: 43054 | D26: USD | E26: 71193.6 | F26: =+E26*2.4747 -> 176182.8 | G26: =+C26+120 -> 43174 | K26: 10243.52 | M26: =+E26-K26 -> 60950.08
A27: ENERTECH | B27: EX170010 | C27: 43073 | D27: EUR | E27: 16991.82 | F27: =+E27*2.9231 -> 49668.789 | G27: =+C27+0 -> 43073 | K27: 16991.82 | M27: =+E27-K27 -> 0
A28: MARIBAT | B28: EX170011 | C28: 43084 | D28: USD | E28: 72028.8 | F28: =+E28*2.4744 -> 178228.06 | G28: =+C28+120 -> 43204 | K28: =10364.16+61492.5 -> 71856.66 | M28: =+E28-K28 -> 172.14
A29: ENERTECH | B29: EX180002 | C29: 43182 | D29: EUR | E29: 13950.45 | F29: =+E29*2.9343 -> 40934.805 | G29: =+C29 -> 43182 | K29: 13950.45 | M29: =+E29-K29 -> 0
A30: MARIBAT | B30: EX180001 | C30: 43164 | D30: USD | E30: 35971.2 | F30: =+E30*2.38585 -> 85821.888 | G30: =+C30+120 -> 43284 | M30: =+E30-K30 -> 35971.2
A33: CLIENT | B33: Facture | H33: MCNE | K33: REGLEMENT | M33: DIFFERENCE
B34: Numéro | C34: Date | D34: DEV | E34: MONTANT | F34: TND | G34: Échéance | H34: Montant | I34: DATE MEP | J34: ECHEANCE | K34: Montant | L34: Date
A35: MARIBAT | B35: FN110017 | C35: 40680 | D35: EUR | E35: 5190.95 | F35: =+E35*1.95835 -> 10165.697 | G35: =+C35+90 -> 40770 | M35: =+E35-K35 -> 5190.95
A36: MARIBAT | B36: FN150083 | C36: 42356 | D36: USD | E36: 217912.86 | F36: =E36*2.01185 -> 438407.99 | G36: 42485 | K36: =113564.6+104348.26 -> 217912.86 | M36: =E36-K36 -> 0
A37: ERRAFIK | B37: FN150084 | C37: 42359 | D37: EUR | E37: 694484.64 | F37: =E37*2.19375 -> 1523525.7 | G37: 42456 | K37: =49960-39400+88520+100950+99945+49934.5+99924.5+24900+24960+49900+29960+29982+34949.5+21960+28000 -> 694445.5 | M37: =E37-K37 -> 39.14
A38: MARIBAT | B38: FN150085 | C38: 42363 | D38: EUR | E38: 2590.8 | F38: =+E38*2.19995 -> 5699.6305 | G38: 42485 | K38: 2783.74 | M38: =E38-K38 -> -192.94
A39: MED ENERGY | B39: FN160001 | C39: 42388 | D39: EUR | E39: 70769.15 | F39: =E39*2.21425 -> 156700.59 | G39: 42478 | K39: =20719.15+24950+24950 -> 70619.15 | M39: =E39-K39 -> 150
A40: MARIBAT | B40: FN160002 | C40: 42394 | D40: USD | E40: 120772.23 | F40: =+E40*2.0293 -> 245083.09 | G40: 42522 | K40: =61633.4-K41+60440.56 -> 120729.96 | M40: =E40-K40 -> 42.27
A41: MARIBAT | B41: FN160003 | C41: 42396 | D41: USD | E41: 1344 | F41: =+E41*2.0293 -> 2727.3792 | G41: 42522 | K41: 1344 | M41: =E41-K41 -> 0
A42: ERRAFIK | B42: FN160007 | C42: 42405 | D42: EUR | E42: 354482.12 | F42: =E42*2.232 -> 791204.09 | G42: 42502 | K42: =54480+50000+100000+100000+5000+40000+5002.12 -> 354482.12 | M42: =E42-K42 -> 0
A43: MARIBAT | B43: FN160008 | C43: 42412 | D43: USD | E43: 110497.38 | F43: =E43*2.00195 -> 221210.23 | G43: 42543 | K43: =58678.54-3945.6+55714.44 -> 110447.38 | M43: =E43-K43 -> 50
A44: MED ENERGY | B44: FN160009 | C44: 42412 | D44: EUR | E44: 52613.6 | F44: =E44*2.24105 -> 117909.71 | G44: 42502 | K44: 52563.6 | M44: =E44-K44 -> 50
A45: MARIBAT | B45: FN160010 | C45: 42416 | D45: USD | E45: 3945.6 | F45: =E45*2.00195 -> 7898.8939 | G45: 42543 | K45: 3945.6 | M45: =E45-K45 -> 0
A46: MED ENERGY | B46: FN160011 | C46: 42422 | D46: EUR | E46: 36924.26 | F46: =+E46*2.2214 -> 82023.551 | G46: =+C46+90 -> 42512 | K46: 36874.26 | M46: =E46-K46 -> 50
A47: EL HARAMAINE | B47: FN160012 | C47: 42423 | D47: USD | E47: 58754.1 | F47: =+E47*2.01295 -> 118269.07 | G47: =+C47+90 -> 42513 | K47: 58754.1 | M47: =E47-K47 -> 0
A48: ERRAFIK | B48: FN160016 | C48: 42436 | D48: EUR | E48: 346818.74 | F48: =+E48*2.2428 -> 777845.07 | G48: =+C48+90 -> 42526 | H48: 620000 | J48: 42521 | K48: =79900-5002.12+25000+25000+25000+15000+80000+40000+31840+9950+20000 -> 346687.88 | M48: =E48-K48 -> 130.86
A49: MED ENERGY | B49: FN160017 | C49: 42445 | D49: EUR | E49: 56915.18 | F49: =+E49*2.2342 -> 127159.9 | G49: =+C49+90 -> 42535 | K49: =20865.18+36000 -> 56865.18 | M49: =E49-K49 -> 50
A50: MED ENERGY | B50: FN160018 | C50: 42460 | D50: EUR | E50: 55894.19 | F50: =E50*2.25995 -> 126318.07 | G50: =+C50+90 -> 42550 | K50: =46844.19-36000+22950+21950 -> 55744.19 | M50: =E50-K50 -> 150
A51: MARIBAT | B51: FN160022 | C51: 42461 | D51: USD | E51: 124293.26 | F51: =E51*1.98505 -> 246728.34 | G51: 42585 | K51: =60173.9+64059.36 -> 124233.26 | M51: =E51-K51 -> 60
A52: MED ENERGY | B52: FN160023 | C52: 42471 | D52: EUR | E52: 71366.58 | F52: =E52*2.2645 -> 161609.62 | G52: =+C52+90 -> 42561 | K52: 71316.58 | M52: =E52-K52 -> 50
A53: MARIBAT | B53: FN160025 | C53: 42480 | D53: USD | E53: 3720 | F53: =+E53*1.99715 -> 7429.398 | G53: 42603 | K53: 3662 | M53: =E53-K53 -> 58
A54: EL HARAMAINE | B54: FN160026 | C54: 42480 | D54: USD | E54: 59734.6 | F54: =+E54*1.99715 -> 119298.96 | G54: 42580 | K54: 59734.6 | M54: =E54-K54 -> 0
A55: MARIBAT | B55: FN160027 | C55: 42485 | D55: USD | E55: 190231.2 | F55: =+E55*1.99715 -> 379920.24 | G55: 42603 | H55: 305000 | J55: 42607 | K55: =163674-64059.36+90538.6 -> 190153.24 | M55: =E55-K55 -> 77.96
A56: EL HARAMAINE | B56: FN160031 | C56: 42503 | D56: USD | E56: 60309.6 | F56: =E56*2.02365 -> 122045.52 | G56: 42601 | K56: 60309.6 | M56: =E56-K56 -> 0
A57: MARIBAT | B57: FN160032 | C57: 42513 | D57: USD | E57: 243352.73 | F57: =E57*2.02365 -> 492460.75 | G57: 42630 | H57: 395000 | J57: 42638 | K57: =123502.1-2842.8+122644.67 -> 243303.97 | M57: =E57-K57 -> 48.76
A58: MARIBAT | B58: FN160033 | C58: 42506 | D58: USD | E58: 2902.8 | F58: =+E58*2.02365 -> 5874.2512 | G58: 42630 | K58: =2902.8-60 -> 2842.8 | M58: =E58-K58 -> 60
A59: MED ENERGY | B59: FN160034 | C59: 42515 | D59: EUR | E59: 58025.49 | F59: =E59*2.28935 -> 132840.66 | G59: =+C59+90 -> 42605 | K59: =12985.49+10960+11019+20163.57+2850 -> 57978.06 | M59: =E59-K59 -> 47.43
A60: MARIBAT | B60: FN160038 | C60: 42522 | D60: USD | E60: 181444.41 | F60: =+E60*2.0914 -> 379472.84 | G60: 42647 | K60: =90963.81+91051.3-637.2 -> 181377.91 | M60: =E60-K60 -> 66.5
A61: MARIBAT | B61: FN160039 | C61: 42522 | D61: USD | E61: 637.2 | F61: =+E61*2.0914 -> 1332.6401 | G61: 42647 | K61: 637.2 | M61: =E61-K61 -> 0
A62: MED ENERGY | B62: FN160040 | C62: 42523 | D62: USD | E62: 32695.26 | F62: =+E62*2.1062 -> 68862.757 | G62: =+C62+90 -> 42613 | K62: 32614.76 | M62: =E62-K62 -> 80.5
A63: MED ENERGY | B63: FN160041 | C63: 42527 | D63: EUR | E63: 33241.94 | F63: =+E63*2.34895 -> 78083.655 | G63: =+C63+90 -> 42617 | K63: =813.45+12225+20000 -> 33038.45 | M63: =E63-K63 -> 203.49
A64: ERRAFIK | B64: FN160042 | C64: 42528 | D64: EUR | E64: 249442.34 | F64: =+E64*2.3642 -> 589731.58 | G64: =+C64+90 -> 42618 | K64: =60000+39960+39950+25000+10000+25000+49500 -> 249410 | M64: =E64-K64 -> 32.34
A65: ERRAFIK | B65: FN160045 | C65: 42552 | D65: EUR | E65: 247327.72 | F65: =+E65*2.43635 -> 602576.89 | G65: =+C65+90 -> 42642 | H65: 485000 | J65: 42648 | K65: =64922.5-49500+85000+59957+79548.68+7399.54 -> 247327.72 | M65: =E65-K65 -> 0
A66: MARIBAT | B66: FN160046 | C66: 42565 | D66: USD | E66: 182006.54 | F66: =E66*2.20895 -> 402043.35 | G66: 42698 | H66: 320000 | J66: 42689 | K66: =72601.19+90445.6+18809.75 -> 181856.54 | M66: =E66-K66 -> 150
A67: MED ENERGY | B67: FN160050 | C67: 42583 | D67: EUR | E67: 47822.32 | F67: =+E67*2.45605 -> 117454.01 | G67: =+C67+90 -> 42673 | K67: =10994.42+15629.1+21150 -> 47773.52 | M67: =E67-K67 -> 48.8
A68: ERRAFIK | B68: FN160051 | C68: 42585 | D68: EUR | E68: 256710.4 | F68: =+E68*2.45645 -> 630596.26 | G68: =+C68+90 -> 42675 | K68: =39965-7399.54+99975+99955+24214.94 -> 256710.4 | M68: =E68-K68 -> 0
A69: EL HARAMAINE | B69: FN160052 | C69: 42594 | D69: USD | E69: 61609.6 | F69: =+E69*2.20485 -> 135839.93 | G69: 42692 | K69: 61609.6 | M69: =E69-K69 -> 0
A70: MARIBAT | B70: FN160053 | C70: 42599 | D70: USD | E70: 201518.23 | F70: =E70*2.18885 -> 441093.18 | G70: 42722 | K70: =90429.6+110873.72 -> 201303.32 | M70: =E70-K70 -> 214.91
A71: ERRAFIK | B71: FN160054 | C71: 42599 | D71: EUR | E71: 176779.1 | F71: =E71*2.4649 -> 435742.8 | G71: =+C71+90 -> 42689 | K71: =50000-24214.94+59950+24965+66079.04 -> 176779.1 | M71: =E71-K71 -> 0
A72: ERRAFIK | B72: FN160055 | C72: 42606 | D72: EUR | E72: 182078.8 | F72: =+E72*2.4651 -> 448842.45 | G72: =+C72+90 -> 42696 | K72: =86970-66079.04+44970+99975+16242.84 -> 182078.8 | M72: =E72-K72 -> 0
A73: MARIBAT | B73: FN160058 | C73: 42619 | D73: USD | E73: 201819.58 | F73: =+E73*2.19925 -> 443851.71 | G73: =+C73+120 -> 42739 | K73: =90445.6+111210.5 -> 201656.1 | M73: =E73-K73 -> 163.48
A74: ERRAFIK | B74: FN160059 | C74: 42619 | D74: EUR | E74: 93763.1 | F74: =+E74*2.45675 -> 230352.5 | G74: =+C74+90 -> 42709 | K74: =49970-16242.84+60035.94 -> 93763.1 | M74: =E74-K74 -> 0
A75: ERRAFIK | B75: FN160060 | C75: 42634 | D75: TND | E75: 490473.73 | F75: =+E75 -> 490473.73 | G75: =+C75+90 -> 42724 | H75: 390000 | J75: 42719 | K75: 483301.4 | M75: =E75-K75 -> 7172.329
A76: MARIBAT | B76: FN160065 | C76: 42646 | D76: USD | E76: 206062.8 | F76: =+E76*2.1936 -> 452019.36 | G76: =+C76+120 -> 42766 | K76: =90445.6+62781.5+52565.5 -> 205792.6 | M76: =E76-K76 -> 270.2
A77: ERRAFIK | B77: FN160066 | C77: 42647 | D77: EUR | E77: 90619.2 | F77: =+E77*2.4659 -> 223457.89 | G77: =+C77+90 -> 42737 | K77: =99832.71-60035.94+50800 -> 90596.77 | M77: =E77-K77 -> 22.43
A78: MARIBAT | B78: FN160067 | C78: 42661 | D78: USD | E78: 137375.2 | F78: =E78*2.23355 -> 306834.38 | G78: =+C78+120 -> 42781 | K78: =60289.4+76922.5 -> 137211.9 | M78: =E78-K78 -> 163.3
A79: ERRAFIK | B79: FN160068 | C79: 42667 | D79: EUR | E79: 275267.22 | F79: =E79*2.4408 -> 671872.23 | G79: =+C79+90 -> 42757 | K79: =86880.37-50800+49880.54+99832.65+50000+39400 -> 275193.56 | M79: =E79-K79 -> 73.66
A80: ERRAFIK | B80: FN160069 | C80: 42674 | D80: EUR | E80: 267067.85 | F80: =E80*2.45085 -> 654543.24 | G80: =C80+90 -> 42764 | K80: =11960+49900+24900+89900+79950+10400 -> 267010 | M80: =E80-K80 -> 57.85
A81: EL HARAMAINE | B81: FN160072 | C81: 42682 | D81: USD | E81: 61851.2 | F81: =+E81*2.22055 -> 137343.68 | G81: =+C81+90 -> 42772 | K81: 61851.2 | M81: =E81-K81 -> 0
A82: MED ENERGY | B82: FN160075 | C82: 42688 | D82: EUR | E82: 63212.1 | F82: =+E82*2.43455 -> 153893.02 | G82: =+C82+60 -> 42748 | K82: 63200 | M82: =E82-K82 -> 12.1
A83: MARIBAT | B83: FN160076 | C83: 42695 | D83: USD | E83: 218812.7 | F83: =+E83*2.2844 -> 499855.73 | G83: =+C83+120 -> 42815 | H83: 400000 | J83: 42819 | K83: =90505.8+128142.5 -> 218648.3 | M83: =E83-K83 -> 164.4
A84: EL HARAMAINE | B84: FN160077 | C84: 42703 | D84: USD | E84: 60082 | F84: =+E84*2.2879 -> 137461.61 | G84: =+C84+90 -> 42793 | M84: =E84-K84 -> 60082
A85: ERRAFIK | B85: FN160082 | C85: 42714 | D85: EUR | E85: 189405.85 | F85: =+E85*2.42685 -> 459659.59 | G85: =+C85+90 -> 42804 | K85: =11585+24960+59900+21930+14930+27960+28100 -> 189365 | M85: =E85-K85 -> 40.85
A86: ERRAFIK | B86: FN160084 | C86: 42731 | D86: EUR | E86: 288116.08 | F86: =+E86*2.41755 -> 696535.03 | G86: =+C86+60 -> 42791 | K86: =31982-28100+27930+26000+14982+21955+40955+45000+51000+39900+16500 -> 288104 | M86: =E86-K86 -> 12.08
A87: MARIBAT | B87: FN160090 | C87: 42733 | D87: USD | E87: 145787.49 | F87: =+E87*2.31175 -> 337024.23 | G87: =+C87+120 -> 42853 | K87: =60280.4+85392 -> 145672.4 | M87: =E87-K87 -> 115.09
A88: ERRAFIK | B88: FN170001 | C88: 42753 | D88: EUR | E88: 288576.96 | F88: =+E88*2.42535 -> 699900.13 | G88: =+C88+60 -> 42813 | K88: =34000-16500+40000+35000+50500+10000+74500+54500+6500 -> 288500 | M88: =E88-K88 -> 76.96
A89: ERRAFIK | B89: FN170006 | C89: 42772 | D89: EUR | E89: 90850.1 | F89: =+E89*2.4309 -> 220847.51 | G89: =+C89+60 -> 42832 | K89: =24600-6500+72500 -> 90600 | M89: =E89-K89 -> 250.1
A90: MARIBAT | B90: FN170007 | C90: 42786 | D90: USD | E90: 152438.77 | F90: =+E90*2.2847 -> 348276.86 | G90: =+C90+120 -> 42906 | K90: =60270.4+91998.5 -> 152268.9 | M90: =E90-K90 -> 169.87
A91: ERRAFIK | B91: FN170008 | C91: 42786 | D91: EUR | E91: 103380.36 | F91: =+E91*2.41935 -> 250113.27 | G91: =+C91+60 -> 42846 | K91: =44000+59200 -> 103200 | M91: =E91-K91 -> 180.36
A92: MARIBAT | B92: FN170013 | C92: 42827 | D92: USD | E92: 153807 | F92: =+E92*2.25845 -> 347365.42 | G92: =+C92+120 -> 42947 | K92: =60269.4+93352.5 -> 153621.9 | M92: =E92-K92 -> 185.1
A93: ERRAFIK | B93: FN170014 | C93: 42823 | D93: EUR | E93: 294951.15 | F93: =+E93*2.42915 -> 716480.59 | G93: =+C93+60 -> 42883 | K93: =250000+44800 -> 294800 | M93: =E93-K93 -> 151.15
A94: MED ENERGY | B94: FN170017 | C94: 42849 | D94: EUR | E94: 34976.02 | F94: =+E94*2.48185 -> 86805.235 | G94: =+C94+60 -> 42909 | K94: =15600+9960+9266.92 -> 34826.92 | M94: =E94-K94 -> 149.1
A95: ERRAFIK | B95: FN170020 | C95: 42863 | D95: EUR | E95: 184309.16 | F95: =+E95*2.6311 -> 484935.83 | G95: =+C95+60 -> 42923 | K95: =36000+15000+95000+4000+34200 -> 184200 | M95: =E95-K95 -> 109.16
A96: ERRAFIK | B96: FN170024 | C96: 42898 | D96: EUR | E96: 295149.58 | F96: =+E96*2.74135 -> 809108.3 | G96: =+C96+60 -> 42958 | K96: =70000-34200+86000+111000+62300 -> 295100 | M96: =E96-K96 -> 49.58
A97: MED ENERGY | B97: FN170025 | C97: 42906 | D97: EUR | E97: 52992.7 | F97: =+E97*2.7377 -> 145078.11 | G97: =+C97+60 -> 42966 | M97: =E97-K97 -> 52992.7
A98: ERRAFIK | B98: FN170027 | C98: 42933 | D98: EUR | E98: 286403.79 | F98: =+E98*2.7746 -> 794655.96 | G98: =+C98+60 -> 42993 | K98: =180000+47200+7500+51650 -> 286350 | M98: =E98-K98 -> 53.79
A99: ERRAFIK | B99: FN170030 | C99: 42963 | D99: EUR | E99: 94511.3 | F99: =+E99*2.80685 -> 265279.04 | G99: =+C99+60 -> 43023 | K99: =125000-51650+21100 -> 94450 | M99: =E99-K99 -> 61.3
A100: ERRAFIK | B100: FN170031 | C100: 42975 | D100: EUR | E100: 278132.68 | F100: =+E100*2.88515 -> 802454.5 | G100: =+C100+60 -> 43035 | K100: =100000-21100+102000+97200 -> 278100 | M100: =E100-K100 -> 32.68
A101: ERRAFIK | B101: FN170038 | C101: 43010 | D101: EUR | E101: 94696.34 | F101: =+E101*2.8948 -> 274126.97 | G101: =+C101+60 -> 43070 | K101: 94650 | M101: =E101-K101 -> 46.34
A102: ERRAFIK | B102: FN170039 | C102: 43019 | D102: EUR | E102: 87025.13 | F102: =+E102*2.902 -> 252546.93 | G102: =+C102+60 -> 43079 | K102: =8150+78800 -> 86950 | M102: =E102-K102 -> 75.13
A103: ERRAFIK | B103: FN170040 | C103: 43026 | D103: EUR | E103: 98676.9 | F103: =+E103*2.89915 -> 286079.13 | G103: =+C103+60 -> 43086 | K103: 98600 | M103: =E103-K103 -> 76.9
...

Sheet FED
A3: FINANCEMENTS DE DEVISE IMPORT
A4: AU 31/12/2016
B6: Fournisseur | C6: Montant en devise | D6: Cours | E6: Montant en dinars | F6: Date MEP | G6: Échéance | H6: Observation
A7: STA NOUR
A8: Total | E8: =SUM(E7) -> 0
A10: SNA
A11: Total | E11: =SUM(E10:E10) -> 0

Sheet KAIS TAYACHI
B1: Date de Liv | C1: Desc Art | D1: UN | E1: Qté Liv / STA NOUR | F1: Px UN / TND | G1: Px Tot / TND | H1: TVA 18% | I1: Tot. TTC | J1: Mode de Paiement | K1: Réf. Pièce de Règ | L1: Société | M1: Montant | N1: Échéance | O1: Banque | P1: FACTURE | Q1: STE
B2: 42751 | C2: ETAIN | D2: KG | E2: 2086 | F2: 32.2 | G2: =+E2*F2 -> 67169.2 | H2: =G2*0.18 -> 12090.456 | I2: =+G2+H2 -> 79259.656 | J2: CH | K2: 3909 | L2: STA | M2: 15192 | N2: 42901 | O2: STB MEG | P2: HAZEM CHTOUROU | Q2: STA
B3: 42759 | C3: ETAIN | D3: KG | E3: 993 | F3: 32.2 | G3: =+E3*F3 -> 31974.6 | H3: =G3*0.18 -> 5755.428 | I3: =+G3+H3 -> 37730.028 | J3: CH | K3: 3778 | L3: STA | M3: 75000 | N3: 42793 | O3: STB MEG
B4: 42810 | C4: ETAIN | D4: KG | E4: 1100 | F4: 32.2 | G4: =+E4*F4 -> 35420 | H4: =G4*0.18 -> 6375.6 | I4: =+G4+H4 -> 41795.6 | J4: CH | K4: 3858 | L4: STA | M4: 35000 | N4: 42842 | O4: STB MEG
J5: CH | K5: 3910 | L5: STA | M5: 33593.784 | N5: 42865 | O5: STB MEG
B7: 42784 | C7: VIEUX PLOMB | D7: KG | E7: 30905 | F7: 4.22 | G7: =+E7*F7 -> 130419.1 | H7: =G7*0.18 -> 23475.438 | I7: =+G7+H7 -> 153894.54 | J7: CH | K7: 150 | L7: SNA | M7: 60000 | N7: 42751 | O7: STB MEG | P7: HAZEM CHTOUROU | Q7: SNA
B8: 42795 | C8: VIEUX PLOMB | D8: KG | E8: 15460 | F8: 4.22 | G8: =+E8*F8 -> 65241.2 | H8: =G8*0.18 -> 11743.416 | I8: =+G8+H8 -> 76984.616 | J8: CH | K8: 345 | L8: SNA | M8: 80000 | N8: 42811 | O8: STB MEG
B9: 42808 | C9: VIEUX PLOMB | D9: KG | E9: 16380 | F9: 4.22 | G9: =+E9*F9 -> 69123.6 | H9: =G9*0.18 -> 12442.248 | I9: =+G9+H9 -> 81565.848 | J9: CH | K9: 372 | L9: SNA | M9: 50000 | N9: 42828 | O9: STB MEG
B10: 42825 | C10: VIEUX PLOMB | D10: KG | E10: 5986 | F10: 4.22 | G10: =+E10*F10 -> 25260.92 | H10: =G10*0.18 -> 4546.9656 | I10: =+G10+H10 -> 29807.886 | J10: CH | K10: 411 | L10: SNA | M10: 35000 | N10: 42842 | O10: STB MEG
B11: 42836 | C11: VIEUX PLOMB | D11: KG | E11: 4995 | F11: 4.22 | G11: =+E11*F11 -> 21078.9 | H11: =G11*0.18 -> 3794.202 | I11: =+G11+H11 -> 24873.102 | J11: CH | K11: 482 | L11: SNA | M11: 142126.49 | N11: 42865 | O11: STB MEG
B13: 42838 | C13: VIEUX PLOMB | D13: KG | E13: 3694 | F13: 4.1 | G13: =+E13*F13 -> 15145.4 | H13: =+G13*0.18 -> 2726.172 | I13: =+H13+G13 -> 17871.572 | J13: CH | K13: 525 | L13: SNA | M13: 60000 | N13: 42877 | O13: STB MEG | P13: KAIS TAYACHI / GHEDIFI ABDESSATAR | Q13: SNA
B14: 42849 | C14: VIEUX PLOMB | D14: KG | E14: 6403 | F14: 4.1 | G14: =+E14*F14 -> 26252.3 | H14: =+G14*0.18 -> 4725.414 | I14: =+H14+G14 -> 30977.714 | J14: CH | K14: 621 | L14: SNA | M14: 80000 | N14: 42901 | O14: STB MEG
B15: 42867 | C15: VIEUX PLOMB | D15: KG | E15: 6510 | F15: 4.1 | G15: =+E15*F15 -> 26691 | H15: =+G15*0.18 -> 4804.38 | I15: =+H15+G15 -> 31495.38 | J15: CH | K15: 739 | L15: SNA | M15: 100000 | N15: 42940 | O15: STB MEG
B16: 42879 | C16: VIEUX PLOMB | D16: KG | E16: 5998 | F16: 4.1 | G16: =+E16*F16 -> 24591.8 | H16: =+G16*0.18 -> 4426.524 | I16: =+H16+G16 -> 29018.324 | J16: CH | K16: 740 | L16: SNA | M16: 60000 | N16: 42943 | O16: STB MEG
B17: 42887 | C17: VIEUX PLOMB | D17: KG | E17: 4662 | F17: 4.1 | G17: =+E17*F17 -> 19114.2 | H17: =+G17*0.18 -> 3440.556 | I17: =+H17+G17 -> 22554.756 | J17: CH | K17: 830 | L17: SNA | M17: 100000 | N17: 42963 | O17: STB MEG
B18: 42893 | C18: VIEUX PLOMB | D18: KG | E18: 4753 | F18: 4.1 | G18: =+E18*F18 -> 19487.3 | H18: =+G18*0.18 -> 3507.714 | I18: =+H18+G18 -> 22995.014 | J18: CH | K18: 831 | L18: SNA | M18: 72777.787 | N18: 42963 | O18: STB MEG
B19: 42900 | C19: VIEUX PLOMB | D19: KG | E19: 5116 | F19: 4.1 | G19: =+E19*F19 -> 20975.6 | H19: =+G19*0.18 -> 3775.608 | I19: =+H19+G19 -> 24751.208
B20: 42915 | C20: VIEUX PLOMB | D20: KG | E20: 4553 | F20: 4.1 | G20: =+E20*F20 -> 18667.3 | H20: =+G20*0.18 -> 3360.114 | I20: =+H20+G20 -> 22027.414
B21: 42916 | C21: VIEUX PLOMB | D21: KG | E21: 3889 | F21: 4.1 | G21: =+E21*F21 -> 15944.9 | H21: =+G21*0.18 -> 2870.082 | I21: =+H21+G21 -> 18814.982
B22: 42922 | C22: VIEUX PLOMB | D22: KG | E22: 1694 | F22: 4.1 | G22: =+E22*F22 -> 6945.4 | H22: =+G22*0.18 -> 1250.172 | I22: =+H22+G22 -> 8195.572
B23: 42922 | C23: VIEUX PLOMB | D23: KG | E23: 1634 | F23: 4.1 | G23: =+E23*F23 -> 6699.4 | H23: =+G23*0.18 -> 1205.892 | I23: =+H23+G23 -> 7905.292
B24: 42926 | C24: VIEUX PLOMB | D24: KG | E24: 1450 | F24: 4.1 | G24: =+E24*F24 -> 5945 | H24: =+G24*0.18 -> 1070.1 | I24: =+H24+G24 -> 7015.1
B25: 42930 | C25: VIEUX PLOMB | D25: KG | E25: 3022 | F25: 4.1 | G25: =+E25*F25 -> 12390.2 | H25: =+G25*0.18 -> 2230.236 | I25: =+H25+G25 -> 14620.436
B26: 42942 | C26: VIEUX PLOMB | D26: KG | E26: 2704 | F26: 4.1 | G26: =+E26*F26 -> 11086.4 | H26: =+G26*0.18 -> 1995.552 | I26: =+H26+G26 -> 13081.952
B27: 42894 | C27: DECHET BATTERIE | D27: KG | E27: 29940 | F27: 1.35 | G27: =+E27*F27 -> 40419 | H27: =+G27*0.18 -> 7275.42 | I27: =+H27+G27 -> 47694.42
B28: 42899 | C28: DECHET BATTERIE | D28: KG | E28: 32820 | F28: 1.35 | G28: =+E28*F28 -> 44307 | H28: =+G28*0.18 -> 7975.26 | I28: =+H28+G28 -> 52282.26
B29: 42922 | C29: DECHET BATTERIE | D29: KG | E29: 31960 | F29: 1.35 | G29: =+E29*F29 -> 43146 | H29: =+G29*0.18 -> 7766.28 | I29: =+H29+G29 -> 50912.28
B30: 42927 | C30: DECHET BATTERIE | D30: KG | E30: 3121 | F30: 1.35 | G30: =+E30*F30 -> 4213.35 | H30: =+G30*0.18 -> 758.403 | I30: =+H30+G30 -> 4971.753
B31: 42943 | C31: DECHET BATTERIE | D31: KG | E31: 33140 | F31: 1.35 | G31: =+E31*F31 -> 44739 | H31: =+G31*0.18 -> 8053.02 | I31: =+H31+G31 -> 52792.02
B33: 42838 | C33: ETAIN | D33: KG | E33: 236 | F33: 30 | G33: =+E33*F33 -> 7080 | H33: =G33*0.18 -> 1274.4 | I33: =+G33+H33 -> 8354.4 | J33: CH | K33: 3938 | L33: STA | M33: =20000/0.985 -> 20304.569 | N33: 42901 | O33: STB MEG | P33: KAIS TAYACHI / GHEDIFI ABDESSATAR | Q33: STA
B34: 42849 | C34: ETAIN | D34: KG | E34: 466 | F34: 30 | G34: =+E34*F34 -> 13980 | H34: =G34*0.18 -> 2516.4 | I34: =+G34+H34 -> 16496.4 | J34: CH | K34: 4116 | L34: STA | M34: 20000 | N34: 42985 | O34: STB MEG
B35: 42867 | C35: ETAIN | D35: KG | E35: 154 | F35: 30 | G35: =+E35*F35 -> 4620 | H35: =G35*0.18 -> 831.6 | I35: =+G35+H35 -> 5451.6 | J35: CH | K35: 4173 | L35: STA | M35: 18377.331 | N35: 43014 | O35: STB MEG
B36: 42887 | C36: ETAIN | D36: KG | E36: 205 | F36: 30 | G36: =+E36*F36 -> 6150 | H36: =G36*0.18 -> 1107 | I36: =+G36+H36 -> 7257
B37: 42977 | C37: ETAIN | D37: KG | E37: 532 | F37: 30 | G37: =+E37*F37 -> 15960 | H37: =G37*0.18 -> 2872.8 | I37: =+G37+H37 -> 18832.8
B38: 42838 | C38: INOX | D38: KG | E38: 485 | F38: 4 | G38: =+E38*F38 -> 1940 | H38: =+G38*0.18 -> 349.2 | I38: =+H38+G38 -> 2289.2
B40: 42954 | C40: VIEUX PLOMB | D40: KG | E40: 3066 | F40: 4.1 | G40: =+E40*F40 -> 12570.6 | H40: =+G40*0.18 -> 2262.708 | I40: =+H40+G40 -> 14833.308 | J40: CH | K40: 897 | L40: SNA | M40: 50000 | N40: 42989 | O40: STB MEG | P40: KAIS TAYACHI / GHEDIFI ABDESSATAR | Q40: SNA
B41: 42958 | C41: VIEUX PLOMB | D41: KG | E41: 4570 | F41: 4.1 | G41: =+E41*F41 -> 18737 | H41: =+G41*0.18 -> 3372.66 | I41: =+H41+G41 -> 22109.66 | J41: CH | K41: 933 | L41: SNA | M41: 33569.757 | N41: 43000 | O41: STB MEG
B42: 42965 | C42: VIEUX PLOMB | D42: KG | E42: 2535 | F42: 4.1 | G42: =+E42*F42 -> 10393.5 | H42: =+G42*0.18 -> 1870.83 | I42: =+H42+G42 -> 12264.33
B43: 42971 | C43: VIEUX PLOMB | D43: KG | E43: 4650 | F43: 4.1 | G43: =+E43*F43 -> 19065 | H43: =+G43*0.18 -> 3431.7 | I43: =+H43+G43 -> 22496.7
B44: 42977 | C44: VIEUX PLOMB | D44: KG | E44: 2610 | F44: 4.1 | G44: =+E44*F44 -> 10701 | H44: =+G44*0.18 -> 1926.18 | I44: =+H44+G44 -> 12627.18
B46: 42956 | C46: DECHET BATTERIE | D46: KG | E46: 9684 | F46: 1.35 | G46: =+E46*F46 -> 13073.4 | H46: =+G46*0.18 -> 2353.212 | I46: =+H46+G46 -> 15426.612 | J46: CH | K46: 896 | L46: SNA | M46: 100000 | N46: 42985 | O46: STB MEG | P46: KAIS TAYACHI / GHEDIFI ABDESSATAR | Q46: SNA
B47: 42957 | C47: DECHET BATTERIE | D47: KG | E47: 30640 | F47: 1.35 | G47: =+E47*F47 -> 41364 | H47: =+G47*0.18 -> 7445.52 | I47: =+H47+G47 -> 48809.52 | J47: CH | K47: 932 | L47: SNA | M47: 50000 | N47: 43000 | O47: STB MEG
B48: 42972 | C48: DECHET BATTERIE | D48: KG | E48: 35720 | F48: 1.35 | G48: =+E48*F48 -> 48222 | H48: =+G48*0.18 -> 8679.96 | I48: =+H48+G48 -> 56901.96 | J48: CH | K48: 1035 | L48: SNA | M48: 80495.323 | N48: 43014 | O48: STB MEG
B49: 42975 | C49: DECHET BATTERIE | D49: KG | E49: 34300 | F49: 1.35 | G49: =+E49*F49 -> 46305 | H49: =+G49*0.18 -> 8334.9 | I49: =+H49+G49 -> 54639.9
B50: 42975 | C50: DECHET BATTERIE | D50: KG | E50: 3304 | F50: 1.35 | G50: =+E50*F50 -> 4460.4 | H50: =+G50*0.18 -> 802.872 | I50: =+H50+G50 -> 5263.272
B51: 42977 | C51: DECHET BATTERIE | D51: KG | E51: 886 | F51: 1.35 | G51: =+E51*F51 -> 1196.1 | H51: =+G51*0.18 -> 215.298 | I51: =+H51+G51 -> 1411.398
B52: 42977 | C52: DECHET BATTERIE | D52: KG | E52: 29680 | F52: 1.35 | G52: =+E52*F52 -> 40068 | H52: =+G52*0.18 -> 7212.24 | I52: =+H52+G52 -> 47280.24
B54: 42986 | C54: DECHET BATTERIE | D54: KG | E54: 30440 | F54: 1.4 | G54: =+E54*F54 -> 42616 | H54: =+G54*0.18 -> 7670.88 | I54: =+H54+G54 -> 50286.88 | J54: CH | K54: 4195 | L54: STA | M54: 100000 | N54: 43024 | O54: STB MEG | P54: KAIS TAYACHI / GHEDIFI ABDESSATAR | Q54: STA
B55: 42998 | C55: DECHET BATTERIE | D55: KG | E55: 25980 | F55: 1.4 | G55: =+E55*F55 -> 36372 | H55: =+G55*0.18 -> 6546.96 | I55: =+H55+G55 -> 42918.96 | J55: CH | K55: 1170 | L55: SNA | M55: 100000 | N55: 43041 | O55: STB MEG
B56: 43003 | C56: DECHET BATTERIE | D56: KG | E56: 41100 | F56: 1.4 | G56: =+E56*F56 -> 57540 | H56: =+G56*0.18 -> 10357.2 | I56: =+H56+G56 -> 67897.2
B57: 43006 | C57: DECHET BATTERIE | D57: KG | E57: 16670 | F57: 1.4 | G57: =+E57*F57 -> 23338 | H57: =+G57*0.18 -> 4200.84 | I57: =+H57+G57 -> 27538.84
B58: 43006 | C58: DECHET BATTERIE | D58: KG | E58: 16192 | F58: 1.4 | G58: =+E58*F58 -> 22668.8 | H58: =+G58*0.18 -> 4080.384 | I58: =+H58+G58 -> 26749.184
B60: 43003 | C60: VIEUX PLOMB | D60: KG | E60: 6570 | F60: 4.2 | G60: =+E60*F60 -> 27594 | H60: =+G60*0.18 -> 4966.92 | I60: =+G60+H60 -> 32560.92 | J60: CH | K60: 1214 | L60: SNA | M60: 150000 | N60: 1.1818182 | O60: STB MEG
B61: 43006 | C61: VIEUX PLOMB | D61: KG | E61: 6113 | F61: 4.2 | G61: =+E61*F61 -> 25674.6 | H61: =+G61*0.18 -> 4621.428 | I61: =+G61+H61 -> 30296.028 | J61: CH | K61: 1237 | L61: SNA | M61: 100000 | N61: 43060 | O61: STB MEG
B62: 43010 | C62: VIEUX PLOMB | D62: KG | E62: 2661 | F62: 4.4 | G62: =+E62*F62 -> 11708.4 | H62: =+G62*0.18 -> 2107.512 | I62: =+G62+H62 -> 13815.912 | J62: CH | K62: 1299 | L62: SNA | M62: 150000 | N62: 43075 | O62: STB MEG
B63: 43021 | C63: VIEUX PLOMB | D63: KG | E63: 6120 | F63: 4.4 | G63: =+E63*F63 -> 26928 | H63: =+G63*0.18 -> 4847.04 | I63: =+G63+H63 -> 31775.04 | J63: CH | K63: 193 | L63: TIP | M63: 1888.5
B64: 43026 | C64: VIEUX PLOMB | D64: KG | E64: 3964 | F64: 4.4 | G64: =+E64*F64 -> 17441.6 | H64: =+G64*0.18 -> 3139.488 | I64: =+G64+H64 -> 20581.088 | J64: CH | K64: 1398 | L64: SNA | M64: 100000
B65: 43027 | C65: VIEUX PLOMB | D65: KG | E65: 3876 | F65: 4.4 | G65: =+E65*F65 -> 17054.4 | H65: =+G65*0.18 -> 3069.792 | I65: =+G65+H65 -> 20124.192 | J65: CH | K65: 1399 | L65: SNA | M65: 50000
B66: 43031 | C66: VIEUX PLOMB | D66: KG | E66: 4967 | F66: 4.4 | G66: =+E66*F66 -> 21854.8 | H66: =+G66*0.18 -> 3933.864 | I66: =+G66+H66 -> 25788.664 | J66: CH | K66: 1400 | L66: SNA | M66: 50000
B67: 43039 | C67: VIEUX PLOMB | D67: KG | E67: 2714 | F67: 4.4 | G67: =+E67*F67 -> 11941.6 | H67: =+G67*0.18 -> 2149.488 | I67: =+G67+H67 -> 14091.088
B69: 43024 | C69: DECHET BATTERIE | D69: KG | E69: 40940 | F69: 1.4 | G69: =+E69*F69 -> 57316 | H69: =+G69*0.18 -> 10316.88 | I69: =+H69+G69 -> 67632.88
B70: 43031 | C70: DECHET BATTERIE | D70: KG | E70: 11391 | F70: 1.4 | G70: =+E70*F70 -> 15947.4 | H70: =+G70*0.18 -> 2870.532 | I70: =+H70+G70 -> 18817.932
B71: 43038 | C71: DECHET BATTERIE | D71: KG | E71: 41120 | F71: 1.4 | G71: =+E71*F71 -> 57568 | H71: =+G71*0.18 -> 10362.24 | I71: =+H71+G71 -> 67930.24
B72: 43039 | C72: DECHET BATTERIE | D72: KG | E72: 6073 | F72: 1.4 | G72: =+E72*F72 -> 8502.2 | H72: =+G72*0.18 -> 1530.396 | I72: =+H72+G72 -> 10032.596
B73: 43045 | C73: DECHET BATTERIE | D73: KG | E73: 18422 | F73: 1.4 | G73: =+E73*F73 -> 25790.8 | H73: =+G73*0.18 -> 4642.344 | I73: =+H73+G73 -> 30433.144
B74: 43056 | C74: DECHET BATTERIE | D74: KG | E74: 41320 | F74: 1.4 | G74: =+E74*F74 -> 57848 | H74: =+G74*0.18 -> 10412.64 | I74: =+H74+G74 -> 68260.64
B75: 43059 | C75: DECHET BATTERIE | D75: KG | E75: 34280 | F75: 1.45 | G75: =+E75*F75 -> 49706 | H75: =+G75*0.18 -> 8947.08 | I75: =+H75+G75 -> 58653.08
B77: 43054 | C77: INOX | D77: KG | E77: 400 | F77: 4 | G77: =+E77*F77 -> 1600 | H77: =+G77*0.18 -> 288 | I77: =+H77+G77 -> 1888
B78: 43054 | C78: VIEUX PLOMB | D78: KG | E78: 2850 | F78: 4.4 | G78: =+E78*F78 -> 12540 | H78: =+G78*0.18 -> 2257.2 | I78: =+H78+G78 -> 14797.2
B79: 43052 | C79: VIEUX PLOMB | D79: KG | E79: 4924 | F79: 4.4 | G79: =+E79*F79 -> 21665.6 | H79: =+G79*0.18 -> 3899.808 | I79: =+H79+G79 -> 25565.408
B80: 43049 | C80: COUPEAU DE FER | D80: KG | E80: 3500 | F80: 0.3 | G80: =+E80*F80 -> 1050 | H80: =+G80*0.18 -> 189 | I80: =+H80+G80 -> 1239
B81: 43055 | C81: COUPEAU DE FER | D81: KG | E81: 13320 | F81: 0.3 | G81: =+E81*F81 -> 3996 | H81: =+G81*0.18 -> 719.28 | I81: =+H81+G81 -> 4715.28
... B98: 43097 | C98: VIEUX PLOMB | D98: KG | E98: 436 | F98: 4.4 | G98: =+E98*F98 -> 1918.4 | H98: =+G98*0.18 -> 345.312 | I98: =+H98+G98 -> 2263.712
B100: 43104 | C100: VIEUX PLOMB | D100: KG | E100: 4864 | F100: 4.4 | G100: =+E100*F100 -> 21401.6 | H100: =+G100*0.19 -> 4066.304 | I100: =+H100+G100 -> 25467.904
B101: 43105 | C101: VIEUX PLOMB | D101: KG | E101: 4068 | F101: 4.4 | G101: =+E101*F101 -> 17899.2 | H101: =+G101*0.19 -> 3400.848 | I101: =+H101+G101 -> 21300.048
B102: 43112 | C102: VIEUX PLOMB | D102: KG | E102: 2070 | F102: 4.4 | G102: =+E102*F102 -> 9108 | H102: =+G102*0.19 -> 1730.52 | I102: =+H102+G102 -> 10838.52
B103: 43123 | C103: VIEUX PLOMB | D103: KG | E103: 7034 | F103: 4.4 | G103: =+E103*F103 -> 30949.6 | H103: =+G103*0.19 -> 5880.424 | I103: =+H103+G103 -> 36830.024
B104: 43123 | C104: VIEUX PLOMB | D104: KG | E104: 5131 | F104: 4.4 | G104: =+E104*F104 -> 22576.4 | H104: =+G104*0.19 -> 4289.516 | I104: =+H104+G104 -> 26865.916
B105: 43124 | C105: VIEUX PLOMB | D105: KG | E105: 4011 | F105: 4.4 | G105: =+E105*F105 -> 17648.4 | H105: =+G105*0.19 -> 3353.196 | I105: =+H105+G105 -> 21001.596
B106: 43125 | C106: VIEUX PLOMB | D106: KG | E106: 2590 | F106: 4.4 | G106: =+E106*F106 -> 11396 | H106: =+G106*0.19 -> 2165.24 | I106: =+H106+G106 -> 13561.24
B107: 43126 | C107: VIEUX PLOMB | D107: KG | E107: 2196 | F107: 4.4 | G107: =+E107*F107 -> 9662.4 | H107: =+G107*0.19 -> 1835.856 | I107: =+H107+G107 -> 11498.256
B108: 43127 | C108: VIEUX PLOMB | D108: KG | E108: 2745 | F108: 4.4 | G108: =+E108*F108 -> 12078 | H108: =+G108*0.19 -> 2294.82 | I108: =+H108+G108 -> 14372.82
B109: 43129 | C109: VIEUX PLOMB | D109: KG | E109: 4017 | F109: 4.4 | G109: =+E109*F109 -> 17674.8 | H109: =+G109*0.19 -> 3358.212 | I109: =+H109+G109 -> 21033.012
B110: 43130 | C110: VIEUX PLOMB | D110: KG | E110: 2494 | F110: 4.4 | G110: =+E110*F110 -> 10973.6 | H110: =+G110*0.19 -> 2084.984 | I110: =+H110+G110 -> 13058.584
B111: 43131 | C111: VIEUX PLOMB | D111: KG | E111: 1915 | F111: 4.4 | G111: =+E111*F111 -> 8426 | H111: =+G111*0.19 -> 1600.94 | I111: =+H111+G111 -> 10026.94
... B137: 43144 | C137: ETAIN (80%) | D137: KG | E137: 1576 | F137: 33 | G137: =+E137*F137 -> 52008 | H137: =+G137*0.19 -> 9881.52 | I137: =+H137+G137 -> 61889.52
B139: 43118 | C139: DECHET BATTERIE | D139: KG | E139: =41460-60 -> 41400 | F139: 1.55 | G139: =+E139*F139 -> 64170 | H139: =+G139*0.19 -> 12192.3 | I139: =+H139+G139 -> 76362.3 | K139: ghedifi
B140: 43129 | C140: DECHET BATTERIE | D140: KG | E140: 41560 | F140: 1.55 | G140: =+E140*F140 -> 64418 | H140: =+G140*0.19 -> 12239.42 | I140: =+H140+G140 -> 76657.42
B141: 43137 | C141: DECHET BATTERIE | D141: KG | E141: 34760 | F141: 1.55 | G141: =+E141*F141 -> 53878 | H141: =+G141*0.19 -> 10236.82 | I141: =+H141+G141 -> 64114.82
B142: 43140 | C142: DECHET BATTERIE | D142: KG | E142: =40180+1420 -> 41600 | F142: 1.55 | G142: =+E142*F142 -> 64480 | H142: =+G142*0.19 -> 12251.2 | I142: =+H142+G142 -> 76731.2
B144: 43120 | C144: CRASSE | D144: KG | E144: 29500 | F144: 1.45 | G144: =+E144*F144 -> 42775 | H144: =+G144*0.19 -> 8127.25 | I144: =+H144+G144 -> 50902.25 | K144: ghedifi
B145: 43126 | C145: CRASSE | D145: KG | E145: 41000 | F145: 1.45 | G145: =+E145*F145 -> 59450 | H145: =+G145*0.19 -> 11295.5 | I145: =+H145+G145 -> 70745.5
B146: 43126 | C146: CRASSE | D146: KG | E146: 34080 | F146: 1.45 | G146: =+E146*F146 -> 49416 | H146: =+G146*0.19 -> 9389.04 | I146: =+H146+G146 -> 58805.04
B147: 43127 | C147: CRASSE | D147: KG | E147: 25680 | F147: 1.45 | G147: =+E147*F147 -> 37236 | H147: =+G147*0.19 -> 7074.84 | I147: =+H147+G147 -> 44310.84
B148: 43127 | C148: CRASSE | D148: KG | E148: 21100 | F148: 1.45 | G148: =+E148*F148 -> 30595 | H148: =+G148*0.19 -> 5813.05 | I148: =+H148+G148 -> 36408.05
B149: 43130 | C149: CRASSE | D149: KG | E149: 37020 | F149: 1.45 | G149: =+E149*F149 -> 53679 | H149: =+G149*0.19 -> 10199.01 | I149: =+H149+G149 -> 63878.01
B150: 43143 | C150: CRASSE | D150: KG | E150: 27660 | F150: 1.45 | G150: =+E150*F150 -> 40107 | H150: =+G150*0.19 -> 7620.33 | I150: =+H150+G150 -> 47727.33
B151: SOLDE KAIS 01-02 / 2018 | I151: =SUM(I100:I150) -> 1419734 | J151: MONTANT RECU | M151: 1450000
B153: 43160 | C153: VIEUX PLOMB | D153: KG | E153: 6190 | F153: 4.5 | G153: =+E153*F153 -> 27855 | H153: =+G153*0.19 -> 5292.45 | I153: =+H153+G153 -> 33147.45 | K153: VALDEC
B154: 43161 | C154: VIEUX PLOMB | D154: KG | E154: 2103 | F154: 4.5 | G154: =+E154*F154 -> 9463.5 | H154: =+G154*0.19 -> 1798.065 | I154: =+H154+G154 -> 11261.565
...

Sheet SOTRAM
B1: Date de Liv | C1: Desc Art | D1: UN | E1: Qté Liv / STA NOUR | F1: Px UN / TND | G1: Px Tot / TND | H1: TVA 18% | I1: FODEC 1% | J1: Tot. TTC | K1: Mode de Paiement | L1: Réf. Pièce de Règ | M1: Société | N1: Montant | O1: Échéance | P1: Banque | Q1: FACTURE | R1: STE
B2: 42872 | C2: DECHET BATTERIE | D2: KG | E2: 36260 | F2: 1.4 | G2: =+E2*F2 -> 50764 | H2: =+G2*0.18 -> 9137.52 | I2: =(G2+H2)*1% -> 599.0152 | J2: =+H2+G2+I2 -> 60500.535 | K2: CHQ | L2: 545 | M2: SNA | N2: =J2+0.5 -> 60501.035 | O2: 42880 | P2: STB MEG | Q2: SOTRAM | R2: SNA
B3: 42888 | C3: DECHET BATTERIE | D3: KG | E3: 36260 | F3: 1.4 | G3: =+E3*F3 -> 50764 | H3: =+G3*0.18 -> 9137.52 | I3: =(G3+H3)*1% -> 599.0152 | J3: =+H3+G3+I3 -> 60500.535 | K3: TRT | M3: SNA | N3: 61018.027 | O3: 42947 | P3: STB MEG | Q3: SOTRAM | R3: SNA
B4: 42899 | C4: DECHET BATTERIE | D4: KG | E4: 36880 | F4: 1.4 | G4: =+E4*F4 -> 51632 | H4: =+G4*0.18 -> 9293.76 | I4: =(G4+H4)*1% -> 609.2576 | J4: =+H4+G4+I4 -> 61535.018 | K4: TRT | M4: SNA | N4: 61018.027 | O4: 42962 | P4: STB MEG | Q4: SOTRAM | R4: SNA
B5: 42908 | C5: DECHET BATTERIE | D5: KG | E5: 37660 | F5: 1.4 | G5: =+E5*F5 -> 52724 | H5: =+G5*0.18 -> 9490.32 | I5: =(G5+H5)*1% -> 622.1432 | J5: =+H5+G5+I5 -> 62836.463 | K5: CHQ | L5: 689 | M5: SNA | N5: =J5+0.5 -> 62836.963 | O5: 42930 | P5: STB MEG | Q5: SOTRAM | R5: SNA
B6: 42933 | C6: DECHET BATTERIE | D6: KG | E6: 37460 | F6: 1.4 | G6: =+E6*F6 -> 52444 | H6: =+G6*0.18 -> 9439.92 | I6: =(G6+H6)*1% -> 618.8392 | J6: =+H6+G6+I6 -> 62502.759 | K6: CHQ | L6: 748 | M6: SNA | N6: =J6+0.5 -> 62503.259 | O6: 42942 | P6: STB MEG | Q6: SOTRAM | R6: SNA
B7: 42950 | C7: DECHET BATTERIE | D7: KG | E7: 37400 | F7: 1.4 | G7: =+E7*F7 -> 52360 | H7: =+G7*0.18 -> 9424.8 | I7: =(G7+H7)*1% -> 617.848 | J7: =+H7+G7+I7 -> 62402.648 | K7: CHQ | L7: 814 | M7: SNA | N7: =J7+0.5 -> 62403.148 | O7: 42964 | P7: STB MEG | Q7: SOTRAM | R7: SNA
B8: 42963 | C8: DECHET BATTERIE | D8: KG | E8: 36600 | F8: 1.4 | G8: =+E8*F8 -> 51240 | H8: =+G8*0.18 -> 9223.2 | I8: =(G8+H8)*1% -> 604.632 | J8: =+H8+G8+I8 -> 61067.832 | K8: CHQ | L8: 869 | M8: SNA | N8: =J8+0.5 -> 61068.332 | O8: 42972 | P8: STB MEG | Q8: SOTRAM | R8: SNA
B9: 42968 | C9: DECHET BATTERIE | D9: KG | E9: 36100 | F9: 1.4 | G9: =+E9*F9 -> 50540 | H9: =+G9*0.18 -> 9097.2 | I9: =(G9+H9)*1% -> 596.372 | J9: =+H9+G9+I9 -> 60233.572 | K9: CHQ | L9: 889 | M9: SNA | N9: =J9+0.5 -> 60234.072 | O9: 42985 | P9: STB MEG | Q9: SOTRAM | R9: SNA
B10: 42976 | C10: DECHET BATTERIE | D10: KG | E10: 37960 | F10: 1.4 | G10: =+E10*F10 -> 53144 | H10: =+G10*0.18 -> 9565.92 | I10: =(G10+H10)*1% -> 627.0992 | J10: =+H10+G10+I10 -> 63337.019 | K10: CHQ | L10: 922 | M10: SNA | N10: =J10+0.5 -> 63337.519 | O10: 42990 | P10: STB MEG | Q10: SOTRAM | R10: SNA
B11: 42989 | C11: DECHET BATTERIE | D11: KG | E11: 37520 | F11: 1.4 | G11: =+E11*F11 -> 52528 | H11: =+G11*0.18 -> 9455.04 | I11: =(G11+H11)*1% -> 619.8304 | J11: =+H11+G11+I11 -> 62602.87 | K11: CHQ | L11: 966 | M11: SNA | N11: =J11+0.5 -> 62603.37 | O11: 43000 | P11: STB MEG | Q11: SOTRAM | R11: SNA
B12: 42993 | C12: DECHET BATTERIE | D12: KG | E12: 34260 | F12: 1.4 | G12: =+E12*F12 -> 47964 | H12: =+G12*0.18 -> 8633.52 | I12: =(G12+H12)*1% -> 565.9752 | J12: =+H12+G12+I12 -> 57163.495 | K12: CHQ | L12: 978 | M12: SNA | N12: =J12+J13+0.5 -> 122136.16 | O12: 43004 | P12: STB MEG | Q12: SOTRAM | R12: SNA
B13: 42996 | C13: DECHET BATTERIE | D13: KG | E13: 38940 | F13: 1.4 | G13: =+E13*F13 -> 54516 | H13: =+G13*0.18 -> 9812.88 | I13: =(G13+H13)*1% -> 643.2888 | J13: =+H13+G13+I13 -> 64972.169
B14: 43003 | C14: DECHET BATTERIE | D14: KG | E14: 37400 | F14: 1.4 | G14: =+E14*F14 -> 52360 | H14: =+G14*0.18 -> 9424.8 | I14: =(G14+H14)*1% -> 617.848 | J14: =+H14+G14+I14 -> 62402.648 | K14: CHQ | L14: 992 | M14: SNA | N14: =J14+0.5 -> 62403.148 | O14: 43013 | P14: STB MEG | Q14: SOTRAM | R14: SNA
B15: 43006 | C15: DECHET BATTERIE | D15: KG | E15: 38120 | F15: 1.4 | G15: =+E15*F15 -> 53368 | H15: =+G15*0.18 -> 9606.24 | I15: =(G15+H15)*1% -> 629.7424 | J15: =+H15+G15+I15 -> 63603.982 | K15: CHQ | L15: 1070 | M15: SNA | N15: =J15+0.5 -> 63604.482 | O15: 43019 | P15: STB MEG | Q15: SOTRAM | R15: SNA
B16: 43012 | C16: DECHET BATTERIE | D16: KG | E16: 29000 | F16: 1.4 | G16: =+E16*F16 -> 40600 | H16: =+G16*0.18 -> 7308 | I16: =(G16+H16)*1% -> 479.08 | J16: =+H16+G16+I16 -> 48387.08 | K16: CHQ | L16: 1072 | M16: SNA | N16: =J16+0.5 -> 48387.58 | O16: 43019 | P16: STB MEG | Q16: SOTRAM | R16: SNA
B17: 43017 | C17: DECHET BATTERIE | D17: KG | E17: 36280 | F17: 1.4 | G17: =+E17*F17 -> 50792 | H17: =+G17*0.18 -> 9142.56 | I17: =(G17+H17)*1% -> 599.3456 | J17: =+H17+G17+I17 -> 60533.906 | K17: CHQ | L17: 1091 | M17: SNA | N17: =J17+0.5 -> 60534.406 | O17: 43032 | P17: STB MEG | Q17: SOTRAM | R17: SNA
B18: 43028 | C18: DECHET BATTERIE | D18: KG | E18: 38340 | F18: 1.4 | G18: =+E18*F18 -> 53676 | H18: =+G18*0.18 -> 9661.68 | I18: =(G18+H18)*1% -> 633.3768 | J18: =+H18+G18+I18 -> 63971.057 | K18: CHQ | L18: 1153 | M18: SNA | N18: =+J18+0.5 -> 63971.557 | O18: 43045 | P18: STB MEG | Q18: SOTRAM | R18: SNA
B19: 43033 | C19: DECHET BATTERIE | D19: KG | E19: 37200 | F19: 1.4 | G19: =+E19*F19 -> 52080 | H19: =+G19*0.18 -> 9374.4 | I19: =(G19+H19)*1% -> 614.544 | J19: =+H19+G19+I19 -> 62068.944 | K19: CHQ | L19: 1162 | M19: SNA | N19: 62068.944 | O19: 43054 | P19: STB MEG | Q19: SOTRAM | R19: SNA
B20: 43040 | C20: DECHET BATTERIE | D20: KG | E20: 36780 | F20: 1.4 | G20: =+E20*F20 -> 51492 | H20: =+G20*0.18 -> 9268.56 | I20: =(G20+H20)*1% -> 607.6056 | J20: =+H20+G20+I20 -> 61368.166 | K20: CHQ | L20: 1265 | M20: SNA | N20: 61368.166 | O20: 43077 | P20: STB MEG | Q20: SOTRAM | R20: SNA
B21: 43047 | C21: DECHET BATTERIE | D21: KG | E21: 32400 | F21: 1.4 | G21: =+E21*F21 -> 45360 | H21: =+G21*0.18 -> 8164.8 | I21: =(G21+H21)*1% -> 535.248 | J21: =+H21+G21+I21 -> 54060.048 | K21: CHQ | L21: 1264 | M21: SNA | N21: 54060.548 | O21: 43066 | P21: STB MEG | Q21: SOTRAM | R21: SNA
B22: 43054 | C22: DECHET BATTERIE | D22: KG | E22: 38780 | F22: 1.4 | G22: =+E22*F22 -> 54292 | H22: =+G22*0.18 -> 9772.56 | I22: =(G22+H22)*1% -> 640.6456 | J22: =+H22+G22+I22 -> 64705.206 | K22: CHQ | L22: 1263 | M22: SNA | N22: 64705.705 | O22: 43061 | P22: STB MEG | Q22: SOTRAM | R22: SNA
B23: 43068 | C23: DECHET BATTERIE | D23: KG | E23: 37720 | F23: 1.45 | G23: =+E23*F23 -> 54694 | H23: =+G23*0.18 -> 9844.92 | I23: =(G23+H23)*1% -> 645.3892 | J23: =+H23+G23+I23 -> 65184.309 | K23: CHQ | L23: 1359 | M23: SNA | N23: 65184.309 | O23: 43089 | P23: STB MEG | Q23: SOTRAM | R23: SNA
B24: 43076 | C24: DECHET BATTERIE | D24: KG | E24: 38200 | F24: 1.45 | G24: =+E24*F24 -> 55390 | H24: =+G24*0.18 -> 9970.2 | I24: =(G24+H24)*1% -> 653.602 | J24: =+H24+G24+I24 -> 66013.802 | K24: CHQ | L24: 1358 | M24: SNA | N24: 66013.802 | O24: 43087 | P24: STB MEG | Q24: SOTRAM | R24: SNA
B25: 43094 | C25: DECHET BATTERIE | D25: KG | E25: 34360 | F25: 1.45 | G25: =+E25*F25 -> 49822 | H25: =+G25*0.18 -> 8967.96 | I25: =(G25+H25)*1% -> 587.8996 | J25: =+H25+G25+I25 -> 59377.86 | K25: CHQ | L25: 1434 | M25: SNA | N25: 59377.86 | O25: 43108 | P25: STB MEG | Q25: SOTRAM | R25: SNA
B26: 43108 | C26: DECHET BATTERIE | D26: KG | E26: 38660 | F26: 1.5 | G26: =+E26*F26 -> 57990 | H26: =+G26*0.19 -> 11018.1 | I26: =(G26+H26)*1% -> 690.081 | J26: =+H26+G26+I26+0.6 -> 69698.781 | K26: CHQ | L26: 1514 | M26: SNA | N26: 67375.508 | O26: 43116 | P26: STB MEG | Q26: SOTRAM | R26: SNA
B27: 43136 | C27: DECHET BATTERIE | D27: KG | E27: 34720 | F27: 1.55 | G27: =+E27*F27 -> 53816 | H27: =+G27*0.19 -> 10225.04 | I27: =(G27+H27)*1% -> 640.4104 | J27: =+H27+G27+I27+0.6 -> 64682.05 | K27: CHQ
B28: 43164 | C28: DECHET BATTERIE | D28: KG | E28: 38740 | F28: 1.55 | G28: =+E28*F28 -> 60047 | H28: =+G28*0.19 -> 11408.93 | I28: =(G28+H28)*1% -> 714.5593 | J28: =+H28+G28+I28+0.6 -> 72171.089
B29: 43173 | C29: DECHET BATTERIE | D29: KG | E29: 36160 | F29: 1.55 | G29: =+E29*F29 -> 56048 | H29: =+G29*0.19 -> 10649.12 | I29: 0 | J29: =+H29+G29+I29+0.6 -> 66697.72
B30: 43194 | C30: DECHET BATTERIE | D30: KG | E30: 38320 | F30: 1.55 | G30: =+E30*F30 -> 59396 | H30: =+G30*0.19 -> 11285.24 | I30: =(G30+H30)*1% -> 706.8124 | J30: =+H30+G30+I30+0.6 -> 71388.652
B31: 43217 | C31: DECHET BATTERIE | D31: KG | E31: 38200 | F31: 1.65 | G31: =+E31*F31 -> 63030 | H31: =+G31*0.19 -> 11975.7 | I31: =(G31+H31)*1% -> 750.057 | J31: =+H31+G31+I31+0.6 -> 75756.357
B32: 43234 | C32: DECHET BATTERIE | D32: KG | E32: 32420 | F32: 1.65 | G32: =+E32*F32 -> 53493 | H32: =+G32*0.19 -> 10163.67 | I32: 0 | J32: =+H32+G32+I32+0.6 -> 63657.27
B33: 43243 | C33: DECHET BATTERIE | D33: KG | E33: 37820 | F33: 1.65 | G33: =+E33*F33 -> 62403 | H33: =+G33*0.19 -> 11856.57 | I33: =(G33+H33)*1% -> 742.5957 | J33: =+H33+G33+I33+0.6 -> 75002.766
B34: 43258 | C34: DECHET BATTERIE | D34: KG | E34: 37040 | F34: 1.65 | G34: =+E34*F34 -> 61116 | H34: =+G34*0.19 -> 11612.04 | I34: =(G34+H34)*1% -> 727.2804 | J34: =+H34+G34+I34+0.6 -> 73455.92
B35: 43256 | C35: DECHET BATTERIE | D35: KG | E35: 35740 | F35: 1.65 | G35: =+E35*F35 -> 58971 | H35: =+G35*0.19 -> 11204.49 | I35: 0 | J35: =+H35+G35+I35+0.6 -> 70176.09

Sheet HAZEM
B1: Date de Liv | C1: Desc Art | D1: UN | E1: Qté Liv / STA NOUR | F1: Px UN / TND | G1: Px Tot / TND | H1: TVA 18% | I1: Tot. TTC | J1: Mode de Paiement | K1: Réf. Pièce de Règ | L1: Société | M1: Montant | N1: Échéance | O1: Banque | P1: FACTURE | Q1: STE
B2: 43007 | C2: DECHET BATTERIE | D2: kg | E2: 33960 | F2: 1.4 | G2: =E2*F2 -> 47544 | H2: =G2*0.18 -> 8557.92 | I2: =H2+G2 -> 56101.92 | J2: CHQ | K2: 4172 | L2: STA | M2: 56102.42 | N2: 43019 | O2: STB MEG | P2: SMS | Q2: STA
B3: 43011 | C3: DECHET BATTERIE | D3: kg | E3: 32880 | F3: 1.4 | G3: =E3*F3 -> 46032 | H3: =G3*0.18 -> 8285.76 | I3: =H3+G3 -> 54317.76 | J3: CHQ | K3: 4192 | L3: STA | M3: 54318.26 | N3: 43025 | O3: STB MEG | P3: SMS | Q3: STA
B4: 43017 | C4: DECHET BATTERIE | D4: kg | E4: 26280 | F4: 1.4 | G4: =E4*F4 -> 36792 | H4: =G4*0.18 -> 6622.56 | I4: =H4+G4 -> 43414.56 | J4: CHQ | K4: 4213 | L4: STA | M4: 43415.06 | N4: 43031 | O4: STB MEG | P4: SMS | Q4: STA
B5: 43019 | C5: DECHET BATTERIE | D5: kg | E5: 36890 | F5: 1.4 | G5: =E5*F5 -> 51646 | H5: =G5*0.18 -> 9296.28 | I5: =H5+G5 -> 60942.28 | J5: CHQ | K5: 1105 | L5: SNA | M5: 60942.78 | N5: 43033 | O5: STB MEG | P5: SMS | Q5: SNA
B6: 43024 | C6: DECHET BATTERIE | D6: kg | E6: 32460 | F6: 1.4 | G6: =E6*F6 -> 45444 | H6: =G6*0.18 -> 8179.92 | I6: =H6+G6 -> 53623.92 | J6: CHQ | K6: 1124 | L6: SNA | M6: 53624.42 | N6: 43048 | O6: STB MEG | P6: SMS | Q6: SNA
B7: 43027 | C7: DECHET BATTERIE | D7: kg | E7: 31480 | F7: 1.4 | G7: =E7*F7 -> 44072 | H7: =G7*0.18 -> 7932.96 | I7: =H7+G7 -> 52004.96 | J7: CHQ | K7: 1118 | L7: SNA | M7: 52005.46 | N7: 43048 | O7: STB MEG | P7: SMS | Q7: SNA
B8: 43031 | C8: DECHET BATTERIE | D8: kg | E8: 28600 | F8: 1.4 | G8: =E8*F8 -> 40040 | H8: =G8*0.18 -> 7207.2 | I8: =H8+G8 -> 47247.2 | J8: CHQ | K8: 1196 | L8: SNA | M8: =+I8+0.5 -> 47247.7 | N8: 43055 | O8: STB MEG | P8: SMS | Q8: SNA
B9: 43039 | C9: DECHET BATTERIE | D9: kg | E9: 32140 | F9: 1.4 | G9: =E9*F9 -> 44996 | H9: =G9*0.18 -> 8099.28 | I9: =H9+G9 -> 53095.28 | J9: CHQ | K9: 1198 | L9: SNA | M9: =+I9 -> 53095.28 | N9: 43073 | O9: STB MEG | P9: SMS | Q9: SNA
B10: 43042 | C10: DECHET BATTERIE | D10: kg | E10: 35680 | F10: 1.4 | G10: =E10*F10 -> 49952 | H10: =G10*0.18 -> 8991.36 | I10: =H10+G10 -> 58943.36 | J10: CHQ | K10: 1197 | L10: SNA | M10: 58943.86 | N10: 43066 | O10: STB MEG | P10: SMS | Q10: SNA
B11: 43045 | C11: DECHET BATTERIE | D11: kg | E11: 32420 | F11: 1.4 | G11: =E11*F11 -> 45388 | H11: =G11*0.18 -> 8169.84 | I11: =H11+G11 -> 53557.84 | J11: CHQ | K11: 1195 | L11: SNA | M11: 53558.34 | N11: 43062 | O11: STB MEG | P11: SMS | Q11: SNA
B12: 43049 | C12: DECHET BATTERIE | D12: kg | E12: 35260 | F12: 1.4 | G12: =E12*F12 -> 49364 | H12: =G12*0.18 -> 8885.52 | I12: =H12+G12 -> 58249.52 | J12: CHQ | K12: 1311 | L12: SNA | M12: 58250.02 | N12: 43076 | O12: STB MEG | P12: SMS | Q12: SNA
B13: 43056 | C13: DECHET BATTERIE | D13: kg | E13: 33980 | F13: 1.4 | G13: =E13*F13 -> 47572 | H13: =G13*0.18 -> 8562.96 | I13: =H13+G13 -> 56134.96 | J13: CHQ | K13: 1312 | L13: SNA | M13: 56135.46 | N13: 43080 | O13: STB MEG | P13: SMS | Q13: SNA
B14: 43076 | C14: DECHET BATTERIE | D14: kg | E14: 34560 | F14: 1.45 | G14: =E14*F14 -> 50112 | H14: =G14*0.18 -> 9020.16 | I14: =H14+G14+0.5 -> 59132.66 | J14: CHQ | K14: 1408 | L14: SNA | M14: 59132.66 | N14: 43094 | O14: STB MEG | P14: SMS | Q14: SNA
B15: 43090 | C15: DECHET BATTERIE | D15: kg | E15: 34160 | F15: 1.45 | G15: =E15*F15 -> 49532 | H15: =G15*0.18 -> 8915.76 | I15: =H15+G15+0.5 -> 58448.26 | J15: CHQ | K15: 1435 | L15: SNA | M15: 58448.26 | O15: STB MEG | P15: SMS | Q15: SNA
B16: 43094 | C16: DECHET BATTERIE | D16: kg | E16: 34280 | F16: 1.45 | G16: =E16*F16 -> 49706 | H16: =G16*0.18 -> 8947.08 | I16: =H16+G16+0.5 -> 58653.58 | J16: CHQ | K16: 1474 | L16: SNA | M16: 58653.58 | O16: STB MEG | P16: SMS | Q16: SNA
B17: 43103 | C17: DECHET BATTERIE | D17: kg | E17: 34440 | F17: 1.5 | G17: =E17*F17 -> 51660 | H17: =G17*0.19 -> 9815.4 | I17: =G17+H17+0.6 -> 61476
B18: 43111 | C18: DECHET BATTERIE | D18: kg | E18: 34920 | F18: 1.5 | G18: =E18*F18 -> 52380 | H18: =G18*0.19 -> 9952.2 | I18: =G18+H18+0.6 -> 62332.8
B19: 43115 | C19: DECHET BATTERIE | D19: kg | E19: 32600 | F19: 1.55 | G19: =E19*F19 -> 50530 | H19: =G19*0.19 -> 9600.7 | I19: =G19+H19+0.6 -> 60131.3
B20: 43118 | C20: DECHET BATTERIE | D20: kg | E20: 33800 | F20: 1.55 | G20: =E20*F20 -> 52390 | H20: =G20*0.19 -> 9954.1 | I20: =G20+H20+0.6 -> 62344.7
B21: 43122 | C21: DECHET BATTERIE | D21: kg | E21: 37600 | F21: 1.55 | G21: =E21*F21 -> 58280 | H21: =G21*0.19 -> 11073.2 | I21: =G21+H21+0.6 -> 69353.8
B22: 43125 | C22: DECHET BATTERIE | D22: kg | E22: 36280 | F22: 1.55 | G22: =E22*F22 -> 56234 | H22: =G22*0.19 -> 10684.46 | I22: =G22+H22+0.6 -> 66919.06
B23: 43129 | C23: DECHET BATTERIE | D23: kg | E23: 38240 | F23: 1.55 | G23: =E23*F23 -> 59272 | H23: =G23*0.19 -> 11261.68 | I23: =G23+H23+0.6 -> 70534.28
B24: 43133 | C24: DECHET BATTERIE | D24: kg | E24: 35580 | F24: 1.55 | G24: =E24*F24 -> 55149 | H24: =G24*0.19 -> 10478.31 | I24: =G24+H24+0.6 -> 65627.91
B25: 42766 | C25: ETAIN | D25: kg | E25: 531 | F25: 32 | G25: =E25*F25 -> 16992 | H25: =G25*0.19 -> 3228.48 | I25: =G25+H25+0.6 -> 20221.08
B26: 43136 | C26: DECHET BATTERIE | D26: kg | E26: 36360 | F26: 1.55 | G26: =E26*F26 -> 56358 | H26: =G26*0.19 -> 10708.02 | I26: =G26+H26+0.6 -> 67066.62
B27: 43140 | C27: DECHET BATTERIE | D27: kg | E27: 33100 | F27: 1.55 | G27: =E27*F27 -> 51305 | H27: =G27*0.19 -> 9747.95 | I27: =G27+H27+0.6 -> 61053.55
B28: 43146 | C28: DECHET BATTERIE | D28: kg | E28: 31860 | F28: 1.55 | G28: =E28*F28 -> 49383 | H28: =G28*0.19 -> 9382.77 | I28: =G28+H28+0.6 -> 58766.37
... B52: 43236 | C52: DECHET BATTERIE | D52: kg | E52: 38380 | F52: 1.65 | G52: =E52*F52 -> 63327 | H52: =G52*0.19 -> 12032.13 | I52: =G52+H52+0.6 -> 75359.73

Sheet AUTRE FACTURE 
B1: Date de fact | C1: Fournisseur | D1: Desc Art | E1: UN | F1: Qté Facturé | G1: Px UN / TND | H1: Px Tot / TND | I1: TVA 18% | J1: FODEC 1% | K1: Tot. TTC | M1: Mode de Paiement | N1: Réf. Pièce de Règ | O1: Société | P1: Montant | Q1: Échéance | R1: Banque | S1: RECU | T1: DEPENSE
B2: 42914 | C2: SOTRAM | D2: DECHET BATTERIE | E2: kg | F2: 37610 | G2: 1.4 | H2: =G2*F2 -> 52654 | I2: =H2*0.18 -> 9477.72 | J2: =(H2+I2)*1% -> 621.3172 | K2: =J2+I2+H2+0.5 -> 62753.537 | L2: 53275 | M2: CHQ | N2: 3 | O2: FONDERIE | P2: 62753.537 | Q2: 42965 | R2: STB MEG | S2: =+K2-I2 -> 53275.817 | T2: SOTRAPRO
B3: 42942 | C3: SOTRAM | D3: DECHET BATTERIE | E3: kg | F3: 37570 | G3: 1.4 | H3: =G3*F3 -> 52598 | I3: =H3*0.18 -> 9467.64 | J3: =(H3+I3)*1% -> 620.6564 | K3: =J3+I3+H3+0.5 -> 62686.796 | L3: 150000 | O3: FONDERIE
B4: 43036 | C4: SOTRAM | D4: DECHET BATTERIE | E4: kg | F4: 38100 | G4: 1.4 | H4: =G4*F4 -> 53340 | I4: =H4*0.18 -> 9601.2 | J4: =(H4+I4)*1% -> 629.412 | K4: =J4+I4+H4+0.5 -> 63571.112 | O4: FONDERIE
B5: 43039 | C5: SOTRAM | D5: DECHET BATTERIE | E5: kg | F5: 36740 | G5: 1.4 | H5: =G5*F5 -> 51436 | I5: =H5*0.18 -> 9258.48 | J5: =(H5+I5)*1% -> 606.9448 | K5: =J5+I5+H5+0.5 -> 61301.925 | O5: FONDERIE
B6: 42958 | C6: SOTRAM | D6: DECHET BATTERIE | E6: kg | F6: 35900 | G6: 1.4 | H6: =G6*F6 -> 50260 | I6: =H6*0.18 -> 9046.8 | J6: =(H6+I6)*1% -> 593.068 | K6: =J6+I6+H6+0.5 -> 59900.368 | L6: 60000 | O6: STA NOUR
B7: 42972 | C7: SOTRAM | D7: DECHET BATTERIE | E7: kg | F7: 37400 | G7: 1.4 | H7: =G7*F7 -> 52360 | I7: =H7*0.18 -> 9424.8 | J7: =(H7+I7)*1% -> 617.848 | K7: =J7+I7+H7+0.5 -> 62403.148 | L7: 20000 | O7: STA NOUR
B8: 43095 | C8: SOTRAM | D8: DECHET BATTERIE | E8: kg | F8: 36100 | G8: 1.45 | H8: =G8*F8 -> 52345 | I8: =H8*0.18 -> 9422.1 | J8: =(H8+I8)*1% -> 617.671 | K8: =J8+I8+H8+0.5 -> 62385.271 | O8: FONDERIE
B9: 43463 | C9: SOTRAM | D9: DECHET BATTERIE | E9: kg | F9: 34540 | G9: 1.45 | H9: =G9*F9 -> 50083 | I9: =H9*0.18 -> 9014.94 | J9: =(H9+I9)*1% -> 590.9794 | K9: =J9+I9+H9+0.5 -> 59689.419 | O9: FONDERIE
H10: =SUM(H2:H9) -> 415076 | I10: =H10*0.18 -> 74713.68 | J10: =(H10+I10)*1% -> 4897.8968 | K10: =J10+I10+H10+0.5 -> 494688.08 | L10: =SUM(L2:L9) -> 283275
L11: =I10 -> 74713.68
L12: =+J10 -> 4897.8968
L13: =(K2+K3+K4+K5+K6+K7) -> 372616.89
L14: =L13-L11-L10-L12 -> 9730.3096
B19: 43054 | C19: kais tayachi | D19: DECHET BATTERIE | E19: kg | F19: 33600 | G19: 1.45 | H19: =+F19*G19 -> 48720 | I19: =+H19*0.18 -> 8769.6 | K19: =+I19+H19+0.5 -> 57490.1 | O19: FONDERIE
B20: 43068 | C20: kais tayachi | D20: DECHET BATTERIE | E20: kg | F20: 32800 | G20: 1.45 | H20: =+F20*G20 -> 47560 | I20: =+H20*0.18 -> 8560.8 | K20: =+I20+H20+0.5 -> 56121.3 | L20: =K20*0.985 -> 55279.481 | O20: FONDERIE

Sheet PLOMB LOCAL
A1: SITUATION KAIS 12/07/2018
A3: TOTAL CRASSE | C3: KG | D3: =291280+D14 -> 324080 | F3: =417856+F14 -> 465416 | G3: =79392.64+G14 -> 88429.04 | H3: =497248.64+H14 -> 553845.04
A4: TOTAL DECHET BATTERIE | C4: KG | D4: =442120+D15 -> 485280 | F4: =727706+F15 -> 801078 | G4: =138264.14+G15 -> 152204.82 | H4: =865971.34+H15 -> 953284.02
A5: TOTAL ETAIN | C5: KG | D5: =13829+D16 -> 16252 | F5: =456357+F16 -> 536316 | G5: =86707.83+G16 -> 101900.04 | H5: =543064.83+H16 -> 638216.04
A6: TOTAL ALIMINIUM | C6: KG | D6: 1109 | F6: 3327 | G6: 632.13 | H6: 3959.13
A7: TOTAL VIEUX PLOMB | C7: KG | D7: 189542 | F7: 838956.3 | G7: 159401.7 | H7: 998358
A8: TOTAL | F8: =SUM(F3:F7) -> 2645093.3 | G8: =SUM(G3:G7) -> 502567.73 | H8: =SUM(H3:H7) -> 3147662.2
A9: REGLEMENT RECU | H9: 2616641
A10: RESTE A PAYER | H10: =+H8-H9 -> 531021.27
A12: QUANTITE NON FACTURE
A13: 43066 | B13: COUPEAU DE FER | C13: KG | D13: 13620 | E13: 0.3 | F13: =+D13*E13 -> 4086 | G13: =+F13*0.19 -> 776.34 | H13: =+G13+F13 -> 4862.34
A14: 43278 | B14: CRASSE | C14: KG | D14: 32800 | E14: 1.45 | F14: =+D14*E14 -> 47560 | G14: =+F14*0.19 -> 9036.4 | H14: =+F14+G14 -> 56596.4
A15: 43287 | B15: DECHET BATTERIE | C15: KG | D15: 43160 | E15: 1.7 | F15: =+D15*E15 -> 73372 | G15: =+F15*0.19 -> 13940.68 | H15: =+F15+G15 -> 87312.68
A16: 43297 | B16: ETAIN | C16: KG | D16: 2423 | E16: 33 | F16: =+D16*E16 -> 79959 | G16: =+F16*0.19 -> 15192.21 | H16: =+F16+G16 -> 95151.21
H18: =SUM(H13:H17) -> 243922.63
A20: SITUATION HAZEM 12/07/2018
A22: TOTAL CRASSE | C22: KG | D22: 0 | F22: 0 | G22: 0 | H22: 0
A23: TOTAL DECHET BATTERIE | C23: KG | D23: =1159338+D34 -> 1198298 | F23: =1894128.6+F34 -> 1960360.6 | G23: =359884.434+G34 -> 372468.51 | H23: =2254032.834+H34 -> 2332849.5
A24: TOTAL ETAIN | C24: KG | D24: 531 | F24: 16992 | G24: 3228.48 | H24: 20221.08
A25: TOTAL VIEUX PLOMB | C25: KG | D25: 8502 | F25: 37408.8 | G25: 7107.672 | H25: 44518.872
A26: TOTAL | F26: =SUM(F22:F25) -> 2014761.4 | G26: =SUM(G22:G25) -> 382804.67 | H26: =SUM(H22:H25) -> 2397589.5
A27: REGLEMENT RECU | H27: 2084183.9
A28: RESTE A PAYER | H28: =+H26-H27 -> 313405.56
A31: 43236 | B31: DECHET BATTERIE | C31: kg | D31: 38380 | E31: 1.7 | F31: =D31*E31 -> 65246 | G31: =F31*0.19 -> 12396.74 | H31: =F31+G31+0.6 -> 77643.34
A32: 43283 | B32: DECHET BATTERIE | C32: kg | D32: 35900 | E32: 1.7 | F32: =D32*E32 -> 61030 | G32: =F32*0.19 -> 11595.7 | H32: =F32+G32+0.6 -> 72626.3
A33: 43285 | B33: DECHET BATTERIE | C33: kg | D33: 41680 | E33: 1.7 | F33: =D33*E33 -> 70856 | G33: =F33*0.19 -> 13462.64 | H33: =F33+G33+0.6 -> 84319.24
A34: 43291 | B34: DECHET BATTERIE | C34: kg | D34: 38960 | E34: 1.7 | F34: =D34*E34 -> 66232 | G34: =F34*0.19 -> 12584.08 | H34: =F34+G34+0.6 -> 78816.68
A37: SITUATION SOTRAM 12/07/2018
A39: TOTAL CRASSE | C39: KG | D39: 0 | F39: 0 | G39: 0 | H39: 0
A40: TOTAL DECHET BATTERIE | C40: KG | D40: =367820+D47 -> 405080 | F40: =586310+F47 -> 647789 | G40: =111398.9+G47 -> 123079.91 | H40: =702686.696+H47 -> 775846.71
A41: TOTAL ETAIN | C41: KG | D41: 0 | F41: 0 | G41: 0 | H41: 0
A42: TOTAL VIEUX PLOMB | C42: KG | D42: 0 | F42: 0 | G42: 0 | H42: 0
A43: TOTAL | F43: =SUM(F39:F42) -> 647789 | G43: =SUM(G39:G42) -> 123079.91 | H43: =SUM(H39:H42) -> 775846.71
A44: REGLEMENT RECU | H44: 702686.7
A45: RESTE A PAYER | H45: =+H43-H44 -> 73160.01
A47: 43292 | B47: DECHET BATTERIE | C47: KG | D47: 37260 | E47: 1.65 | F47: =+D47*E47 -> 61479 | G47: =+F47*0.19 -> 11681.01 | H47: =+F47+G47 -> 73160.01

Sheet CT
A1: Adr fact | B1: Nom | C1: Antidatée | D1: Amount
A2: 3R14079 | B2: BAAZAOUI SALAH | C2: 43291 | D2: 438
A3: 6R21118 | B3: ETS SALAH KOTNI 2 | C3: 43291 | D3: 888.23
A4: 7R16012 | B4: HASSEN BEN BELGACEM DABBABI | C4: 43291 | D4: 1959.5
A5: 7R17047 | B5: ARBI BEN ALIU GHARBI | C5: 43291 | D5: 8779.8
A6: 6R21118 | B6: ETS SALAH KOTNI 2 | C6: 43292 | D6: 263.44
A7: 6R21173 | B7: STE RESSIFI DES PIECES AUTOS | C7: 43293 | D7: 764.73
A8: 6R21174 | B8: SOKOPA | C8: 43293 | D8: 821.25
A9: 6r21169 | B9: STE MBABET AUTO | C9: 43294 | D9: 1277.82
A10: 1r03074 | B10: BEJI FAYCEL | C10: 43295 | D10: 1201.48
A11: 1r05211 | B11: STE EL HAMDI PIECES.RECHANGE | C11: 43295 | D11: 1392.51
A12: 3R18234 | B12: STE CDTPR | C12: 43295 | D12: 2170
A13: 4R12227 | B13: HAKIM BEN SADOK KHEMIS | C13: 43295 | D13: 240
... A335: 8R11061 | B335: STE GHAMMOUR ENAKHIL | C335: 43312 | D335: 2282.94
A336: TOTAL 07/2018 | D336: =SUM(D2:D335) -> 550544.39
A337: 3R18381 | B337: STE DREAM CAR | C337: 43313 | D337: 2464.76
A338: 4R13134 | B338: STE MEMMI-AUTO ET COMPAGNIES | C338: 43313 | D338: 7500
A339: 1r01567 | B339: STE AVENIR AUTO | C339: 43314 | D339: 272.11
A340: 3R15038 | B340: ANIS BEN KHALIPHA RHAIEM | C340: 43314 | D340: 1500
A341: 3R18160 | B341: S M E A | C341: 43314 | D341: 2000
A342: 4R13115 | B342: SOCIETE WORLD PARTS | C342: 43314 | D342: 1093.39
A343: 6R21178 | B343: STE B.ABDESSALEM PIECES AUTO | C343: 43314 | D343: 2000
A344: 6r21179 | B344: BAHRI GNAOUI | C344: 43314 | D344: 686.04
A345: 1r01518 | B345: MANAI WAHID | C345: 43315 | D345: 650.51
A346: 1r02185 | B346: SOCIETE ULTRA SERVICE | C346: 43315 | D346: 634.8
A347: 1r06159 | B347: HAJRI FAYCEL | C347: 43315 | D347: 311.582
A348: 3R18207 | B348: SMAOUI MOHSEN | C348: 43315 | D348: 794.33
... A722: 8R10057 | B722: SOLTANI HSAN B.MBAREK | C722: 43343 | D722: 1408.358
A723: TOTAL 08/2018 | D723: =SUM(D337:D722) -> 686904.94
A724: 3R18349 | B724: STE SPAMM | C724: 43344 | D724: 739.38
A725: 3R18381 | B725: STE DREAM CAR | C725: 43344 | D725: 8488.106
A726: 4R13116 | B726: AHMED BEN ALI TEKAYA | C726: 43344 | D726: 1700
A727: 3R18274 | B727: STE HSOUNA FRIKHA ET FILS | C727: 43345 | D727: 2917.72
A728: 4R15046 | B728: STE AUTO PRO | C728: 43345 | D728: 378.85
A729: 1R03074 | B729: BEJI FAYCEL | C729: 43346 | D729: 892.38
A730: 3R14079 | B730: BAAZAOUI SALAH | C730: 43346 | D730: 420
A731: 3R18207 | B731: SMAOUI MOHSEN | C731: 43346 | D731: 973.639
A732: 1r02148 | B732: AMOR BEN ABDRAHMENE BIBANI | C732: 43347 | D732: 1050.9
A733: 1r02263 | B733: NAMOUCHI MARIEM | C733: 43347 | D733: 888.727
A734: 1R06103 | B734: SOCIETE PIECE AUTO ESSAID | C734: 43347 | D734: 4511.91
A735: 3R15038 | B735: ANIS BEN KHALIPHA RHAIEM | C735: 43347 | D735: 1816.64
... A1007: 8R10052 | B1007: STE MAIS | C1007: 43373 | D1007: 4035.72
A1008: TOTAL 09/2018 | D1008: =SUM(D724:D1007) -> 523105.56
A1009: 1r02185 | B1009: SOCIETE ULTRA SERVICE | C1009: 43374 | D1009: 537.47
A1010: 4R13116 | B1010: AHMED BEN ALI TEKAYA | C1010: 43374 | D1010: 1551.25
A1011: 4R15055 | B1011: STATION LAVAGE MONGI B.HSAN | C1011: 43374 | D1011: 1200
A1012: 1r03074 | B1012: BEJI FAYCEL | C1012: 43375 | D1012: 893.02
A1013: 3R18053 | B1013: HACHICHA THAMEUR | C1013: 43375 | D1013: 1016.655
A1014: 3R18274 | B1014: STE HSOUNA FRIKHA ET F | C1014: 43375 | D1014: 2705.153
A1015: 3R18234 | B1015: STE CDTPR | C1015: 43376 | D1015: 2500
A1016: 6R21174 | B1016: SOKOPA | C1016: 43376 | D1016: 654.354
A1017: 6R21178 | B1017: STE B.ABDESSALEM PIECE | C1017: 43376 | D1017: 2000
A1018: 1r02185 | B1018: SOCIETE ULTRA SERVICE | C1018: 43377 | D1018: 900
A1019: 1r02263 | B1019: NAMOUCHI MARIEM | C1019: 43377 | D1019: 598.771
A1020: 1R01495 | B1020: SALIM AUTOS | C1020: 43378 | D1020: 1363.22
... A1132: 6R21179 | B1132: BAHRI GNAOUI | C1132: 43404 | D1132: 987.161
A1133: TOTAL 10/2018 | D1133: =SUM(D1009:D1132) -> 244957.17
A1134: 1r03074 | B1134: BEJI FAYCEL | C1134: 43407 | D1134: 954.729
A1135: 6R21178 | B1135: STE B.ABDESSALEM PIECE | C1135: 43407 | D1135: 1506.803
A1136: 1r02185 | B1136: SOCIETE ULTRA SERVICE | C1136: 43409 | D1136: 483.79
A1137: 1r03074 | B1137: BEJI FAYCEL | C1137: 43412 | D1137: 954.729
A1138: 3R18384 | B1138: STE DES PIECES DE RECHANGE | C1138: 43412 | D1138: 2743.18
A1139: 1r01572 | B1139: STE GENERAL PIECES [ANTIT] | C1139: 43414 | D1139: 2930
A1140: 1r02185 | B1140: SOCIETE ULTRA SERVICE | C1140: 43414 | D1140: 485.65
A1141: 1r05171 | B1141: STE L'HORIZON DE PIECES DE | C1141: 43417 | D1141: 1175.58
A1142: 4R13083 | B1142: ETS RACHED KALBOUSSI | C1142: 43417 | D1142: 800
A1143: 3R18120 | B1143: BELEL HABIB | C1143: 43419 | D1143: 1800
A1144: 1r01572 | B1144: STE GENERAL PIECES [ANTIT] | C1144: 43424 | D1144: 2931
A1145: 1r05171 | B1145: STE L'HORIZON DE PIECES DE | C1145: 43424 | D1145: 1175
... A1151: 3R18120 | B1151: BELEL HABIB | C1151: 43434 | D1151: 1224.93
A1152: TOTAL 11/2018 | D1152: =SUM(D1134:D1151) -> 42007.501
A1153: 1r01572 | B1153: STE GENERAL PIECES [ANTIT] | C1153: 43449 | D1153: 2933
A1154: 3R18120 | B1154: BELEL HABIB | C1154: 43454 | D1154: 1526.25
A1155: 1r01572 | B1155: STE GENERAL PIECES [ANTIT] | C1155: 43459 | D1155: 2941.09
A1156: 3R18120 | B1156: BELEL HABIB | C1156: 43459 | D1156: 1526.5
A1157: 3R18120 | B1157: BELEL HABIB | C1157: 43465 | D1157: 1526.99
A1158: TOTAL 12/2018 | D1158: =SUM(D1153:D1157) -> 10453.83
A1160: TOTAL GENERAL | D1160: =+D1158+D1152+D1133+D1008+D723+D336 -> 2057973.4

Sheet TRAITE
A1: Client | B1: Nom | C1: Echéance | D1: Total St
A2: 4S12057 | B2: STE L'EPI D'OR TRANSPO | C2: 43281 | D2: 567.751
A3: 1S02041 | B3: SOCIETE DE ROUTE ET BA | C3: 43283 | D3: 11133.247
A4: 1T05004 | B4: SOCIETE MAGHREBINE DES | C4: 43290 | D4: 1197.989
A5: 1S18011 | B5: SOCIETE CHAABANE ET CI | C5: 43294 | D5: 8013.027
A6: 1R05168 | B6: STE AGRI.QUINCAILLERIE | C6: 43311 | D6: 521.761
A7: 4S12057 | B7: STE L'EPI D'OR TRANSPO | C7: 43312 | D7: 567.751
A8: 4S12044 | B8: STE DE BETON INDUST. G | C8: 43316 | D8: 2014.549
A9: 1R05215 | B9: SOCIETE SOGEMIM | C9: 43317 | D9: 1236.753
A10: 1G28003 | B10: STE NOUV.BOISSONS GAZE | C10: 43322 | D10: 2855.362
A11: 1S03023 | B11: LOUKIL VEHICULES INDUS | C11: 43338 | D11: 952.516
A12: 1R01534 | B12: SOCIETE AGRI MAN | C12: 43342 | D12: 4672.899
A13: 1R02228 | B13: SODIST | C13: 43343 | D13: 2239.926
... A91: 3R15019 | B91: FERJANI FATHALLAH | C91: 43404 | D91: 2000
A92: TOTAL 90 JOURS | D92: =SUM(D2:D91) -> 267850.74
A93: 1R01480 | B93: STE HADJ AUTO | C93: 43409 | D93: 1917.382
A94: 1R12003 | B94: STE ZORGATI VEHICULES | C94: 43409 | D94: 2796.697
A95: 1R03141 | B95: BEN ALI HAMDI | C95: 43412 | D95: 3932.862
A96: 4R14029 | B96: JAADI MONCEF | C96: 43413 | D96: 970
A97: 3R18133 | B97: KHENFIR MOHAMED LAMJED | C97: 43414 | D97: 9352.555
A98: 1R03170 | B98: STE LEADER COMPTOIR AUTO | C98: 43415 | D98: 1654.823
A99: 3R18068 | B99: MOHAMED GHARIANI | C99: 43415 | D99: 15225
A100: 4R14029 | B100: JAADI MONCEF | C100: 43416 | D100: 971
A101: 1R04037 | B101: SOCIETE ZAGHLA FRERES | C101: 43419 | D101: 2725.488
A102: 4R14029 | B102: JAADI MONCEF | C102: 43419 | D102: 972
A103: 3R18068 | B103: MOHAMED GHARIANI | C103: 43420 | D103: 15230.683
A104: 4R14029 | B104: JAADI MONCEF | C104: 43422 | D104: 973
... A112: 4R14030 | B112: SAADI ABDALLAH | C112: 44073 | D112: 5338.914
A113: TOTAL | D113: =SUM(D93:D112) -> 89767.321
A115: TOTAL GENERAL | D115: =D113+D92 -> 357618.06

Sheet Feuil1
D1: QUANTITE | E1: PU | F1: T HT | G1: TVA | H1: TOTAL TTC
A3: 43166 | B3: CRASSE | C3: KG | D3: 35500 | E3: 1.45 | F3: =D3*E3 -> 51475 | G3: =+F3*0.19 -> 9780.25 | H3: =+G3+F3 -> 61255.25 | I3: L10190 | J3: FONDERIE HNAYA | K3: 43190
A5: 43188 | B5: CRASSE | C5: KG | D5: 38500 | E5: 1.45 | F5: =D5*E5 -> 55825 | G5: =+F5*0.19 -> 10606.75 | H5: =+G5+F5 -> 66431.75 | I5: L10190 | J5: SNA | K5: 43251
A6: 43234 | B6: CRASSE | C6: KG | D6: 32240 | E6: 1.45 | F6: =D6*E6 -> 46748 | G6: =+F6*0.19 -> 8882.12 | H6: =+G6+F6 -> 55630.12
A8: 43216 | B8: DECHET BATTERIE | C8: KG | D8: =41480-5000 -> 36480 | E8: 1.7 | F8: =D8*E8 -> 62016 | G8: =+F8*0.19 -> 11783.04 | H8: =+G8+F8 -> 73799.04 | I8: L10190 | J8: SNA | K8: 43220
A10: 43235 | B10: DECHET BATTERIE | C10: KG | D10: 42440 | E10: 1.7 | F10: =D10*E10 -> 72148 | G10: =+F10*0.19 -> 13708.12 | H10: =+G10+F10 -> 85856.12 | I10: L10192 | J10: SNA | K10: 43266
A11: 43255 | B11: DECHET BATTERIE | C11: KG | D11: 42080 | E11: 1.7 | F11: =D11*E11 -> 71536 | G11: =+F11*0.19 -> 13591.84 | H11: =+G11+F11 -> 85127.84
A13: 43273 | B13: ETAIN | C13: KG | D13: 2435 | E13: 33 | F13: =D13*E13 -> 80355 | G13: =+F13*0.19 -> 15267.45 | H13: =+G13+F13 -> 95622.45 | I13: L10192 | J13: SNA | K13: 43281
A15: 43242 | B15: VIEUX PLOMB | C15: KG | D15: 6151 | E15: 4.4 | F15: =D15*E15 -> 27064.4 | G15: =+F15*0.19 -> 5142.236 | H15: =+G15+F15 -> 32206.636 | I15: L10192 | J15: SNA | K15: 43281
A16: 43249 | B16: VIEUX PLOMB | C16: KG | D16: 5902 | E16: 4.4 | F16: =D16*E16 -> 25968.8 | G16: =+F16*0.19 -> 4934.072 | H16: =+G16+F16 -> 30902.872
A17: 43271 | B17: VIEUX PLOMB | C17: KG | D17: 4005 | E17: 4.4 | F17: =D17*E17 -> 17622 | G17: =+F17*0.19 -> 3348.18 | H17: =+G17+F17 -> 20970.18
A18: 43273 | B18: VIEUX PLOMB | C18: KG | D18: 7807 | E18: 4.4 | F18: =D18*E18 -> 34350.8 | G18: =+F18*0.19 -> 6526.652 | H18: =+G18+F18 -> 40877.452
A19: 43273 | B19: VIEUX PLOMB | C19: KG | D19: 3845 | E19: 4.4 | F19: =D19*E19 -> 16918 | G19: =+F19*0.19 -> 3214.42 | H19: =+G19+F19 -> 20132.42
A20: 43256 | B20: VIEUX PLOMB | C20: KG | D20: 4240 | E20: 4.4 | F20: =D20*E20 -> 18656 | G20: =+F20*0.19 -> 3544.64 | H20: =+G20+F20 -> 22200.64
A21: 43277 | B21: VIEUX PLOMB | C21: KG | D21: 2259 | E21: 4.4 | F21: =D21*E21 -> 9939.6 | G21: =+F21*0.19 -> 1888.524 | H21: =+G21+F21 -> 11828.124
A22: 43278 | B22: VIEUX PLOMB | C22: KG | D22: 1993 | E22: 4.4 | F22: =D22*E22 -> 8769.2 | G22: =+F22*0.19 -> 1666.148 | H22: =+G22+F22 -> 10435.348
A23: 43279 | B23: VIEUX PLOMB | C23: KG | D23: 7248 | E23: 4.4 | F23: =D23*E23 -> 31891.2 | G23: =+F23*0.19 -> 6059.328 | H23: =+G23+F23 -> 37950.528
A25: 43279 | B25: ALIMINIUM | C25: KG | D25: 1109 | E25: 3 | F25: =+D25*E25 -> 3327 | G25: =+F25*0.19 -> 632.13 | H25: =+G25+F25 -> 3959.13 | I25: L10192 | J25: SNA
A27: QUANTITE NON FACTURE
A28: 43166 | B28: CRASSE | C28: KG | D28: 10000 | E28: 1.45 | F28: 10000 | G28: =+F28*0.19 -> 1900 | H28: =+G28+F28 -> 11900
A29: 43188 | B29: CRASSE | C29: KG | D29: 33000 | E29: 1.45 | F29: =+D29*E29 -> 47850 | G29: =+F29*0.19 -> 9091.5 | H29: =+G29+F29 -> 56941.5
A30: 43234 | B30: CRASSE | C30: KG | D30: 32240 | E30: 1.45 | F30: =+D30*E30 -> 46748 | G30: =+F30*0.19 -> 8882.12 | H30: =+G30+F30 -> 55630.12
A31: 43242 | B31: VIEUX PLOMB | C31: KG | D31: 6151 | E31: 4.4 | F31: =+D31*E31 -> 27064.4 | G31: =+F31*0.19 -> 5142.236 | H31: =+G31+F31 -> 32206.636
A32: 43249 | B32: VIEUX PLOMB | C32: KG | D32: 5902 | E32: 4.4 | F32: =+D32*E32 -> 25968.8 | G32: =+F32*0.19 -> 4934.072 | H32: =+G32+F32 -> 30902.872
A33: 43066 | B33: COUPEAU DE FER | C33: KG | D33: 13620 | E33: 0.3 | F33: =+D33*E33 -> 4086 | G33: =+F33*0.19 -> 776.34 | H33: =+G33+F33 -> 4862.34
A34: 43216 | B34: DECHET BATTERIE | C34: KG | D34: =41480-5000 -> 36480 | E34: 1.7 | F34: =+D34*E34 -> 62016 | G34: =+F34*0.19 -> 11783.04 | H34: =+G34+F34 -> 73799.04
A35: 43235 | B35: DECHET BATTERIE | C35: KG | D35: 42440 | E35: 1.7 | F35: =+D35*E35 -> 72148 | G35: =+F35*0.19 -> 13708.12 | H35: =+G35+F35 -> 85856.12
A36: 43271 | B36: VIEUX PLOMB | C36: KG | D36: 4005 | E36: 4.4 | F36: =+D36*E36 -> 17622 | G36: =+F36*0.19 -> 3348.18 | H36: =+G36+F36 -> 20970.18
A37: 43273 | B37: VIEUX PLOMB | C37: KG | D37: 7807 | E37: 4.4 | F37: =+D37*E37 -> 34350.8 | G37: =+F37*0.19 -> 6526.652 | H37: =+G37+F37 -> 40877.452
A38: 43273 | B38: VIEUX PLOMB | C38: KG | D38: 3845 | E38: 4.4 | F38: =+D38*E38 -> 16918 | G38: =+F38*0.19 -> 3214.42 | H38: =+G38+F38 -> 20132.42
A39: 43256 | B39: VIEUX PLOMB | C39: KG | D39: 4240 | E39: 4.4 | F39: =+D39*E39 -> 18656 | G39: =+F39*0.19 -> 3544.64 | H39: =+G39+F39 -> 22200.64
A40: 43277 | B40: VIEUX PLOMB | C40: KG | D40: 2259 | E40: 4.4 | F40: =+D40*E40 -> 9939.6 | G40: =+F40*0.19 -> 1888.524 | H40: =+G40+F40 -> 11828.124
A41: 43278 | B41: VIEUX PLOMB | C41: KG | D41: 1993 | E41: 4.4 | F41: =+D41*E41 -> 8769.2 | G41: =+F41*0.19 -> 1666.148 | H41: =+G41+F41 -> 10435.348
A42: 43279 | B42: VIEUX PLOMB | C42: KG | D42: 7248 | E42: 4.4 | F42: =+D42*E42 -> 31891.2 | G42: =+F42*0.19 -> 6059.328 | H42: =+G42+F42 -> 37950.528
A43: 43273 | B43: ETAIN | C43: KG | D43: 2435 | E43: 33 | F43: =+D43*E43 -> 80355 | G43: =+F43*0.19 -> 15267.45 | H43: =+G43+F43 -> 95622.45
A44: 43279 | B44: ALIMINIUM | C44: KG | D44: 1109 | E44: 3 | F44: =+D44*E44 -> 3327 | G44: =+F44*0.19 -> 632.13 | H44: =+G44+F44 -> 3959.13
A45: 43255 | B45: DECHET BATTERIE | C45: KG | D45: 42080 | E45: 1.7 | F45: =+D45*E45 -> 71536 | G45: =+F45*0.19 -> 13591.84 | H45: =+G45+F45 -> 85127.84
H46: =SUM(H28:H45) -> 701202.74
